Workbook

Sheet Instructions
C1: Project Application Workbook for CMAQ, TAP-L and STP Shared Fund Applications
B3: All STP, CMAQ, and TAP-L applicants should fill out the project specific worksheets found in this workbook. See the project lists below for common project types and the corresponding worksheet(s).
B4: • Instructions for the individual worksheets can be found on those worksheets. • Each application must include one, and only one, copy of the workbook (except as noted below for staged construction). • All applicants, regardless of fund source, must complete the Preliminary Engineering - All worksheet. • Clicking on the project type link below (CMAQ and TAP-L) will open the corresponding benefits worksheet. • For STP shared fund projects proposing staged construction, one copy of the workbook must be completed for each stage that will be scored separately, in addition to one copy of the workbook for the entire project. • In addition to the project type specific worksheets, all STP shared fund applicants must also complete the All STP Projects worksheet. • When finished, attach the entire workbook as an Excel file to the corresponding eTIP application on the Documents tabs. Do not save it as a PDF document. • Yellow tabs are for CMAQ and TAP projects only, orange tabs are STP shared fund projects only, green tabs are for all fund sources. On green tabs, question headers are also color-coded according to fund source(s). • Responses go in the light green cells only. • Be sure to scroll all the way to the bottom of each worksheet. The worksheet is complete when you reach the red "THIS WORKSHEET ENDS HERE" row.
B6: CMAQ and TAP Project Types | F6: STP Shared Fund Project Types
B7: Project Type | C7: Benefits Worksheet | D7: Fund(s) | F7: Project Type | G7: Example project scope elements | H7: Required worksheets | I7: Optional worksheet
B8: Access to Transit | C8: Transit Projects | D8: CMAQ (See also STP Transit Station, Yard, & Terminal Imps) | F8: Bicycle and Pedestrian Barrier Elimination | G8: · Bicycle/pedestrian overpass | H8: Preliminary Engineering - All; All STP Projects; Bike Ped Barrier Elimination | I8: Safety
B9: Adaptive Signal Control | C9: Signal Interconnects and Safety | D9: CMAQ | G9: · Bicycle/pedestrian underpass
B10: Alternative Fuel | C10: Direct Emissions Reduction | D10: CMAQ | G10: · New multi-use path/trail that eliminates/avoids barrier
B11: Bicycle Bridge | C11: Bicycle Facility Projects | D11: CMAQ andTAP (See also STP Bicycle/Pedestrian Barrier Elimination)
B12: Bike Lane | C12: Bicycle Facility Projects | D12: CMAQ and TAP | F12: Bus Speed Improvements | G12: · BRT/ART route construction (stops, pull outs, separators, etc.) | H12: Preliminary Engineering - All; All STP Projects; Transit Projects | I12: Safety
B13: Bike Parking at Transit | C13: Transit Projects | D13: CMAQ (See also STP Transit Station, Yard, & Terminal Imps)
B14: Bike Path | C14: Bicycle Facility Projects | D14: CMAQ and TAP (See also STP Bicycle/Pedestrian Barrier Elimination) | G14: · Transit Signal Priority (TSP) and other ITS
B15: Bike Sharing | C15: Other Projects | D15: CMAQ | G15: · Bus-only travel lanes
B16: Bus Speed Improvements | C16: Transit Projects | D16: CMAQ (See also STP Bus Speed Improvements) | F16: Bridge Rehabilitation or Reconstruction | G16: · Bridge replacement | H16: Preliminary Engineering - All;All STP Projects; Bridge Projects | I16: Safety
B17: Commuter Parking | C17: Transit Projects | D17: CMAQ | G17: · Deck replacement
B18: Continuous Left Turn Lane | C18: Road Projects and Safety | D18: CMAQ (See also STP Road Reconstruction or Road Expansion) | G18: · Superstructure rehab/reconstruct
B19: Curb Cut Elimination | C19: Road Projects and Safety | D19: CMAQ | G19: · Substructure rehab/reconstruct
B20: Diesel Engine Retrofits | C20: Direct Emissions Reduction | D20: CMAQ | F20: Highway/Rail Grade Crossing Improvements | G20: · Grade separation | H20: Preliminary Engineering - All;All STP Projects; Rail-Hwy Crossings | I20: Safety
B21: Electric Infrastructure | C21: Direct Emissions Reduction | D21: CMAQ | G21: · Other crossing improvements
B22: Electric Vehicles | C22: Direct Emissions Reduction | D22: CMAQ
B23: Highway/Rail Grade Separations | C23: Road Projects and Safety | D23: CMAQ (See also STP Highway/Rail Grade Crossing Improvements)
B24: Intersection Improvements | C24: Road Projects and Safety | D24: CMAQ (See also STP Road Reconstruction or Road Expansion) | F24: Road Reconstruction | G24: · Reconstruction of roadway | H24: Preliminary Engineering - All; All STP Projects; Road Projects | I24: Safety
B25: ITS Projects | C25: Other Projects | D25: CMAQ
B26: Locomotive Retrofits/Repowers | C26: Direct Emissions Reduction | D26: CMAQ
B27: Marketing Program | C27: Other Projects | D27: CMAQ
B28: New Transit Service | C28: Transit Projects | D28: CMAQ | F28: Road Expansion | G28: · Additional through lanes | H28: Preliminary Engineering - All; All STP Projects; Road Projects | I28: Safety
B29: Pedestrian around transit | C29: Transit Projects | D29: CMAQ | G29: · New/extended road
B30: Signal Interconnect | C30: Signal Interconnects | D30: CMAQ | G30: · New interchange
B31: Station Improvements | C31: Transit Projects | D31: CMAQ (See also STP Transit Station, Yard, & Terminal Imps) | G31: · New ramps (additional movements)
B32: TMA Programs | C32: Other Projects | D32: CMAQ | F32: Corridor or Small Area Safety | G32: · Safety countermeasures that are appropriate for the crash type(s) in the project corridor/area | H32: Preliminary Engineering - All; All STP Projects; Safety
B33: Traffic Management Center | C33: Other Projects | D33: CMAQ
B34: Turn Lanes | C34: Road Projects and Safety | D34: CMAQ (See also STP Road Recon., Road Expansion, or Safety) | G34: · Intersection improvement (turn lanes, etc.)
B35: Vehicle Replacements | C35: Direct Emissions Reduction | D35: CMAQ | G35: · Traffic signal modifications
B36: Vehicle Repowers | C36: Direct Emissions Reduction | D36: CMAQ | F36: Transit Station, Yard, or Terminal Improvements | G36: · Rehab, repair, or replace station building, boarding platforms, and other station fixtures | H36: Preliminary Engineering - All; All STP Projects; Transit Projects | I36: Safety
G38: · Complete direct connection of sidewalk/bicycle network to station
G40: · Install bike parking or bike-sharing at station
G41: · Improve a commuter rail yard or terminal
G42: · Relocate a commuter rail yard or terminal
F43: Truck Route Improvements | G43: · Intersection reconstruction to improve turn radii, lengthen storage, etc. | H43: Preliminary Engineering - All; All STP Projects; Truck Routes | I43: Safety
G45: · Signal modifications
G46: · ITS solutions (corridor or intersection)
G47: · Pavement reconstruction (structural)
G48: · Relocation of designated truck route

Sheet Summary and Error Checking
B1: Application Summary and Preliminary Error Checking
B3: The information shown here is auto-generated based on your completed workbook and is meant to serve as a preliminary check for errors and omissions. This worksheet was designed to find and flag the most critical errors and omissions that could be cause for disqualifiction of your application or loss of points in the scoring methodologies. This worksheet is an informational tool and will not be utilized in the scoring of your application and should not be interpreted as a guarantee in any way that your application or any part of it, when reviewed alongside your eTIP application and other attachments, is "good", "needs review" or is "incomplete"; These indicators on this worksheet apply only to this workbook and the worksheets within it.
B5: Application Summary Preliminary Error Checking | D5: ü | E5: p | F5: û | H5: HIDE THESE COLUMNS
D6: Good | E6: Needs Review | F6: Incomplete
B7: TIP ID: | C7: =IF('Preliminary Engineering - All'!D5<>"",'Preliminary Engineering - All'!D5,"") | D7: =IF(C7<>"",$D$5,"") | F7: =IF(C7="",$F$5,"") -> û | H7: STP
B8: Project Title: | C8: =IF('Preliminary Engineering - All'!D6<>"",'Preliminary Engineering - All'!D6,"") | D8: =IF(C8<>"",$D$5,"") | F8: =IF(C8="",$F$5,"") -> û | H8: =IF(OR('All STP Projects'!M22=TRUE,'All STP Projects'!M23=TRUE,'All STP Projects'!M24=TRUE,'All STP Projects'!M25=TRUE,'All STP Projects'!M26=TRUE,'All STP Projects'!N22=TRUE,'All STP Projects'!N23=TRUE,'All STP Projects'!N24=TRUE,'All STP Projects'!N25=TRUE),"STP Shared Fund",H23) -> TBD | L8: Prelim Eng
B10: Apparent funding request: | C10: =H8 -> TBD | D10: =IF(OR(C10="TBD",C10="Unclear"),"",D5) | E10: =IF(C10="Unclear",E5,"") | F10: =IF(C10="TBD",F5,"") -> û | H10: =IF(H8="STP Shared Fund", 'All STP Projects'!M20,IF('Bicycle Facility Projects'!D5<>"","Bicycle Facility",IF('Demonstration Projects'!D5<>"","Demonstration",IF('Direct Emissions Reductions'!F5<>"","Direct Emissions Reduction",IF('Other Projects'!D4<>"","Other", IF(OR('Road Projects'!M25=TRUE,'Road Projects'!M26=TRUE,'Road Projects'!M27=TRUE,'Road Projects'!M28=TRUE,'Road Projects'!M29=TRUE,'Road Projects'!M30=TRUE),"Bottleneck Elimination",IF(OR('Road Projects'!M19=TRUE,'Road Projects'!M20=TRUE,'Road Projects'!M21=TRUE,'Road Projects'!M22=TRUE,'Road Projects'!M23=TRUE),"Intersection Improvement",IF('Signal Interconnects'!D5<>"","Signal Interconnect",H13)))))))) -> Unable to determine | L10: =IF('Preliminary Engineering - All'!D9="Pick One",IF('Preliminary Engineering - All'!D22="Pick One","Not Provided","Transit"),"Highway") -> Not Provided
B11: Apparent project type: | C11: =IF(H10="TBD",IF(H24="Unclear","Unclear",H24),H10) -> Unable to determine | D11: =IF(OR(C11="Multiple",C11="Unclear", C11="Unable to determine"),"",D5) | E11: =IF(C11="Multiple",E5,"") | F11: =IF(OR(C11="Unclear",C11="Unable to determine"),F5,"") -> û | H11: CMAQ/TAP | L11: =IF(L10="Highway",'Preliminary Engineering - All'!D9,IF(L10="Transit",'Preliminary Engineering - All'!D22,"Not Provided")) -> Not Provided
B13: Preliminary Engineering status: | C13: =L11 -> Not Provided | D13: =IF(C13<>"Not Provided",D5,"") | F13: =IF(C13="Not Provided",F5,"") -> û | H13: =IF('Transit Projects'!D7="CMAQ: Facility improvement","Transit Facility Improvement",IF('Transit Projects'!D7="CMAQ: Service and Equipment","Transit Service and Equipment",IF('Transit Projects'!D7="CMAQ: Access to Transit","Access to Transit",IF('Transit Projects'!D7="Application is for both CMAQ and/or STP-SF","Transit","Unable to determine")))) -> Unable to determine | L13: STP Min Acc
B14: Based on the above status, the project is presumed to be eligible to request funding for these phases: | C14: =IF(C13="Not Provided","Unable to determine status",IF(OR(L11="Complete",L11="Nearly Complete"),"Design (Phase 2) Engineering, Land Acquisition, and Construction/CE",IF(L11="Substantially Complete","Land Acquisition and Construction/CE",IF(L11="Underway","Construction/CE",IF(L11="Not Started","Only Preliminary (Phase 1) Engineering is eligible for funding if the applicant is a Cohort 4 community or the project is wholly located within a Cohort 4 community (see application booklet for details).",IF(L11="N/A", "Unable to determine status.")))))) -> Unable to determine status | D14: =IF(D13=D5,D5,"") | F14: =IF(F13=F5,F5,"") -> û | H14: =IF('Bicycle Facility Projects'!D10="Pick One","next","Bicycle Facility") -> next | I14: bike | L14: =IF(COUNTIF('All STP Projects'!D33:K33,">0")>0,"yes","no") -> no
H15: =IF('Demonstration Projects'!D9="","next","Demonstration") -> next | I15: demo
B16: STP Projects | H16: =IF('Direct Emissions Reductions'!F9="","next","Direct Emissions Reduction") -> next | I16: dir emiss | L16: =IF(COUNTIF('All STP Projects'!M39:M41,"true")<3,"Did not acknowledge","ok") -> Did not acknowledge
B17: =IF(C10<>"STP Shared Fund","N/A",IF('All STP Projects'!D9=1,"The project is eligible if the total project cost (all phases/fund sources) is greater than $5 million.",IF('All STP Projects'!D9="Pick one","Please complete question 3 on the All STP Projects worksheet to determine eligibility","The project appears to be eligible, based on participation of multiple partners."))) -> N/A | D17: =IF(C10<>"STP Shared Fund","",IF('All STP Projects'!D9=1,D5,IF('All STP Projects'!D9="Pick one","",D5))) | F17: =IF(C10<>"STP Shared Fund","",IF('All STP Projects'!D9=1,"",IF('All STP Projects'!D9="Pick one",F5,""))) | H17: =IF('Other Projects'!D6="","next","Other CMAQ") -> next | I17: other | L17: =IF(L16="ok",IF('All STP Projects'!D35<>"Yes","Did not acknowledge","ok"),"Did not acknowledge") -> Did not acknowledge
B18: =IF(C10<>"STP Shared Fund","N/A",IF(AND('All STP Projects'!D11="Yes/No",'All STP Projects'!D12="Yes/No"),"Please complete question 4 on the All STP Projects worksheet to determine eligibility based on inclusion in plans.",IF(OR('All STP Projects'!D11="Yes",'All STP Projects'!D12="Yes"),"The project appears to be eligilbe based on inclusion in plans.",IF(AND('All STP Projects'!D11="No",'All STP Projects'!D12="No"), "The project appears to be ineligible for STP funding based on inclusion in plans.", IF(AND('All STP Projects'!D11="No",'All STP Projects'!D12="Yes/No"),"Please complete all parts of question 4 on the All STP Projects worksheet to determine eligibility based on inclusion in plans.",IF(AND('All STP Projects'!D11="Yes/No",'All STP Projects'!D12="No"),"Please complete all parts of question 4 on the All STP Projects worksheet to determine eligibility based on inclusion in plans.")))))) -> N/A | D18: =IF(C10<>"STP Shared Fund","",IF(AND('All STP Projects'!D11="Yes/No",'All STP Projects'!D12="Yes/No"),"",IF(OR('All STP Projects'!D11="Yes",'All STP Projects'!D12="Yes"),D5,IF(AND('All STP Projects'!D11="No",'All STP Projects'!D12="No"), "", IF(AND('All STP Projects'!D11="No",'All STP Projects'!D12="Yes/No"),"",IF(AND('All STP Projects'!D11="Yes/No",'All STP Projects'!D12="No"),"")))))) | E18: =IF(C10<>"STP Shared Fund","",IF(AND('All STP Projects'!D11="Yes/No",'All STP Projects'!D12="Yes/No"),"",IF(OR('All STP Projects'!D11="Yes",'All STP Projects'!D12="Yes"),"",IF(AND('All STP Projects'!D11="No",'All STP Projects'!D12="No"), E5, IF(AND('All STP Projects'!D11="No",'All STP Projects'!D12="Yes/No"),"",IF(AND('All STP Projects'!D11="Yes/No",'All STP Projects'!D12="No"),"")))))) | F18: =IF(C10<>"STP Shared Fund","",IF(AND('All STP Projects'!D11="Yes/No",'All STP Projects'!D12="Yes/No"),F5,IF(OR('All STP Projects'!D11="Yes",'All STP Projects'!D12="Yes"),"",IF(AND('All STP Projects'!D11="No",'All STP Projects'!D12="No"), "", IF(AND('All STP Projects'!D11="No",'All STP Projects'!D12="Yes/No"),F5,IF(AND('All STP Projects'!D11="Yes/No",'All STP Projects'!D12="No"),F5)))))) | H18: =IF(OR('Road Projects'!M19=TRUE,'Road Projects'!M20=TRUE,'Road Projects'!M21=TRUE,'Road Projects'!M22=TRUE,'Road Projects'!M23=TRUE),"Intersection Improvement",IF(OR('Road Projects'!M25=TRUE,'Road Projects'!M26=TRUE,'Road Projects'!M27=TRUE,'Road Projects'!M28=TRUE,'Road Projects'!M29=TRUE,'Road Projects'!M30=TRUE),"Bottleneck Elimination","next")) -> next | I18: int imp or bottleneck
B19: =IF(H8<>"STP Shared Fund","N/A",IF(AND('All STP Projects'!P46=0,'All STP Projects'!P50=0),"It appears that all required and optional questions on the All STP Projects worksheet are complete.",IF(AND('All STP Projects'!P46>0,'All STP Projects'!P50=0),CONCATENATE("Please review the All STP Projects worksheet. It appears that at least ",'All STP Projects'!P46," required questions are incomplete."),IF(AND('All STP Projects'!P46=0,'All STP Projects'!P50>0),CONCATENATE("Please review the All STP Projects worksheet. It appears that ",'All STP Projects'!P50," optional questions are incomplete."),IF(AND('All STP Projects'!P46>0,'All STP Projects'!P50>0),CONCATENATE("Please review the All STP Projects worksheet. It appears that at least ",'All STP Projects'!P46," required questions and ",'All STP Projects'!P50," optional questions are incomplete."),""))))) -> N/A | D19: =IF(AND('All STP Projects'!P46=0,'All STP Projects'!P50=0),D5,"") | E19: =IF(AND('All STP Projects'!P46=0,'All STP Projects'!P50>0),E5,"") | F19: =IF(B19="N/A","",IF('All STP Projects'!P46>0,F5,"")) | H19: =IF('Signal Interconnects'!D9="","next","Signal Interconnect") -> next | I19: signal interconnect
B20: =IF(H8<>"STP Shared Fund","N/A",IF('All STP Projects'!D32="No","You indicated that you cannot accept partial funding for any phase(s) of the project.",IF(AND('All STP Projects'!D32="Yes",L14="no"),"You indicated that you would accept partial funding, but did not indicate the minimum acceptable partial funding amount(s), therefore no partial funding will be considered.",IF(AND('All STP Projects'!D32="Yes",L14="yes",L16<>"ok"),"You indicated that you would accept partial funding, but did not acknowledge all conditions for accepting partial funding. Please complete all sections of question 8 on the All STP Projects worksheet in order to be considered for partial funding.",IF(AND('All STP Projects'!D32="Yes",L14="yes",L17<>"ok"),CONCATENATE("You indicated that you would accept partial funding, ","but did not indicate that you could fill the funding gap with another fund source. ","Please complete all sections of question 8 on the All STP Projects worksheet in order to be considered for partial funding."), IF(AND('All STP Projects'!D32="Yes", L14="yes",L16="ok", L17="ok"),"You indicated that you can accept partial funding for at least one phase of the project and acknowledged all conditions for partial funding.",IF('All STP Projects'!D32="Yes/No","Unable to determine your willingness to accept partial funding.", ""))))))) -> N/A | D20: =IF(AND('All STP Projects'!D32="yes",L14="yes",L16="ok",L17="ok"),D5,"") | E20: =IF('All STP Projects'!D32="No",E5,"") | F20: =IF(B20="N/A","",IF('All STP Projects'!D32="No","",IF(OR('Summary and Error Checking'!L14="No",'Summary and Error Checking'!L16<>"ok",'Summary and Error Checking'!L17<>"ok",'All STP Projects'!D32="Yes/No"),'Summary and Error Checking'!F5,""))) | H20: =IF('Transit Projects'!D12="","next","Transit Service") -> next | I20: transit service
B21: STP Shared Fund Bicycle and Pedestrian Barrier Elimination Projects | H21: =IF('Transit Projects'!D26="","next","Commuter Parking") -> next | I21: commuter parking
B22: =IF(OR('All STP Projects'!M20="Bike/Ped Barrier Elimination",'All STP Projects'!M20="Multiple"),IF(AND('Bike Ped Barrier Elimination'!O73=0,'Bike Ped Barrier Elimination'!O76=0),"It appears that all required and optional questions on the Bike Ped Barrier Elimination worksheet are complete.",IF(AND('Bike Ped Barrier Elimination'!O73>0,'Bike Ped Barrier Elimination'!O76=0),CONCATENATE("Please review the Bike Ped Barrier Elimination worksheet. It appears that at least ",'Bike Ped Barrier Elimination'!O73," required questions are incomplete."),IF(AND('Bike Ped Barrier Elimination'!O73=0,'Bike Ped Barrier Elimination'!O76>0),CONCATENATE("Please review the Bike Ped Barrier Elimination worksheet. It appears that ",'Bike Ped Barrier Elimination'!O76," optional questions may be incomplete."),IF(AND('Bike Ped Barrier Elimination'!O73>0,'Bike Ped Barrier Elimination'!O76>0),CONCATENATE("Please review the Bike Ped Barrier Elimination worksheet. It appears that at least ",'Bike Ped Barrier Elimination'!O73," required questions and ",'Bike Ped Barrier Elimination'!O76," optional questions are incomplete."),"")))),"N/A") -> N/A | D22: =IF(B22="N/A","",IF(AND('Bike Ped Barrier Elimination'!O73=0,'Bike Ped Barrier Elimination'!O76=0),D5,"")) | E22: =IF(B22="N/A","",IF(AND('Bike Ped Barrier Elimination'!O73=0,'Bike Ped Barrier Elimination'!O76=0),"",IF(AND('Bike Ped Barrier Elimination'!O73>0,'Bike Ped Barrier Elimination'!O76=0),"",IF(AND('Bike Ped Barrier Elimination'!O73=0,'Bike Ped Barrier Elimination'!O76>0),E5,"")))) | F22: =IF(B22="N/A","",IF(AND('Bike Ped Barrier Elimination'!O73=0,'Bike Ped Barrier Elimination'!O76=0),"",IF('Bike Ped Barrier Elimination'!O73>0,F5,""))) | H22: =IF('Transit Projects'!C59="","next","Transit Station") -> next | I22: transit station
B23: =IF(OR('All STP Projects'!M20="Bike/Ped Barrier Elimination",'All STP Projects'!M20="Multiple"),IF(AND('Bike Ped Barrier Elimination'!D55="",'Bike Ped Barrier Elimination'!D59="",'Bike Ped Barrier Elimination'!D62=""),"You must identify the railroad (question 11), road (question 12), or water (question 13) barrier that will be eliminated by the project. Projects in this catergory that do not eliminate a barrier are not eligible for funding consideration.","You have identified at least one barrier to be eliminated by the project."),"N/A") -> N/A | D23: =IF(B22="N/A","",IF(OR('Bike Ped Barrier Elimination'!D55<>"",'Bike Ped Barrier Elimination'!D59<>"",'Bike Ped Barrier Elimination'!D62<>""),D5,"")) | F23: =IF(B22="N/A","",IF(AND('Bike Ped Barrier Elimination'!D55="",'Bike Ped Barrier Elimination'!D59="",'Bike Ped Barrier Elimination'!D62=""),F5,"")) | H23: =IF(OR(H14<>"next", H15<>"next",H16<>"next",H17<>"next",H18<>"next",H19<>"next",H20<>"next",H21<>"next",H22<>"next"),"CMAQ/TAP-L","TBD") -> TBD
B24: STP Shared Fund Bus Speed Improvement Projects | H24: =IF(H14<>"next",H14,IF(H15<>"next",H15,IF(H16<>"next",H16,IF(H17<>"next",H17,IF(H18<>"next",H18,IF(H19<>"next",H19,IF(H20<>"next",H20,IF(H21<>"next",H21,IF(H22<>"next",H22,"Unclear"))))))))) -> Unclear
B25: =IF(OR('All STP Projects'!M20="Bus Speed Improvements",'All STP Projects'!M20="Multiple"),IF(AND('Transit Projects'!U172,'Transit Projects'!U176=0),"It appears that all required and optional questions on the Transit Projects worksheet are complete.",IF(AND('Transit Projects'!U172>0,'Transit Projects'!U176=0),CONCATENATE("Please review the Transit Projects worksheet. It appears that at least ",'Transit Projects'!U172," required questions for this project type are incomplete."),IF(AND('Transit Projects'!U172=0,'Transit Projects'!U176>0),CONCATENATE("Please review the Transit Projects worksheet. It appears that ",'Transit Projects'!U176," optional questions for this project types may be incomplete."),IF(AND('Transit Projects'!U172>0,'Transit Projects'!U176>0),CONCATENATE("Please review the Transit Projects worksheet. It appears that at least ",'Transit Projects'!U172," required questions and ",'Transit Projects'!U176," optional questions for this project type are incomplete."),"")))),"N/A") -> N/A | D25: =IF(B25="N/A","",IF(AND('Transit Projects'!U172=0,'Transit Projects'!U176=0),D5,"")) | E25: =IF(B25="N/A","",IF(AND('Transit Projects'!U172=0,'Transit Projects'!U176=0),"",IF(AND('Transit Projects'!U172>0,'Transit Projects'!U176=0),"",IF(AND('Transit Projects'!U172=0,'Transit Projects'!U176>0),E5,"")))) | F25: =IF(B25="N/A","",IF(AND('Transit Projects'!U172=0,'Transit Projects'!U176=0),"",IF('Transit Projects'!U172>0,F5,"")))
B26: =IF(OR('All STP Projects'!M20="Bus Speed Improvements",'All STP Projects'!M20="Multiple"),IF('Transit Projects'!T12=1,"You must provide at least one bus route in order to be considered for funding in this category.","You have identified at least one bus route to be improved by this project."),"N/A") -> N/A | D26: =IF(B26="N/A","",IF('Transit Projects'!T12<>1,D5,"")) | F26: =IF(B26="N/A","",IF('Transit Projects'!T12=1,F5,""))
B27: =IF(OR('All STP Projects'!M20="Bus Speed Improvements",'All STP Projects'!M20="Multiple"),IF('Transit Projects'!T10="not eligible","It appears that the project may be ineligible because all bus routes have current on-time percentages of 90% or higher.","The project appears to be eligible based on the current on-time performance percentages provided."),"N/A") -> N/A | D27: =IF(B26="N/A","",IF('Transit Projects'!T10="eligible",D5,"")) | F27: =IF(B26="N/A","",IF('Transit Projects'!T10="not eligible",F5,""))
B28: STP Shared Fund Bridge Rehabilitation or Reconstruction Projects
B29: =IF(OR('All STP Projects'!M20="Bridge",'All STP Projects'!M20="Multiple"),IF(AND('Bridge Projects'!O79=0,'Bridge Projects'!O83=0),"It appears that all required and optional questions on the Bridge Projects worksheet are complete.",IF(AND('Bridge Projects'!O79>0,'Bridge Projects'!O83=0),CONCATENATE("Please review the Bridge Projects worksheet. It appears that at least ",'Bridge Projects'!O79," required questions are incomplete."),IF(AND('Bridge Projects'!O79=0,'Bridge Projects'!O83>0),CONCATENATE("Please review the Bridge Projects worksheet. It appears that ",'Bridge Projects'!O83," optional questions may be incomplete."),IF(AND('Bridge Projects'!O79>0,'Bridge Projects'!O83>0),CONCATENATE("Please review the Bridge Projects worksheet. It appears that at least ",'Bridge Projects'!O79," required questions and ",'Bridge Projects'!O83," optional questions are incomplete."),"")))),"N/A") -> N/A | D29: =IF(B29="N/A","",IF(AND('Bridge Projects'!O79=0,'Bridge Projects'!O83=0),D5,"")) | E29: =IF(B29="N/A","",IF(AND('Bridge Projects'!O79=0,'Bridge Projects'!O83=0),"",IF(AND('Bridge Projects'!O79>0,'Bridge Projects'!O83=0),"",IF(AND('Bridge Projects'!O79=0,'Bridge Projects'!O83>0),E5,"")))) | F29: =IF(B29="N/A","",IF(AND('Bridge Projects'!O79=0,'Bridge Projects'!O83=0),"",IF('Bridge Projects'!O79>0,F8,"")))
B30: =IF(OR('All STP Projects'!M20="Bridge",'All STP Projects'!M20="Multiple"),IF(AND('Bridge Projects'!D54="",'Bridge Projects'!E53="",'Bridge Projects'!F53="",'Bridge Projects'!G53="",'Bridge Projects'!H53="",'Bridge Projects'!I53=""),"You must provide at least one NBI Structure Number in order to be considered for funding in this category.","You have identified at least one NBI Structure to be improved by this project."),"N/A") -> N/A | D30: =IF(B30="N/A","",IF(OR('Bridge Projects'!D54<>"",'Bridge Projects'!E53<>"",'Bridge Projects'!F53<>"",'Bridge Projects'!G53<>"",'Bridge Projects'!H53<>"",'Bridge Projects'!I53<>""),D5,"")) | F30: =IF(B30="N/A","",IF(AND('Bridge Projects'!D54="",'Bridge Projects'!E53="",'Bridge Projects'!F53="",'Bridge Projects'!G53="",'Bridge Projects'!H53="",'Bridge Projects'!I53=""),F5,""))
B31: =IF(OR('All STP Projects'!M20="Bridge",'All STP Projects'!M20="Multiple"),IF('Bridge Projects'!T54>80,"The project appears to be ineligible, based on the average sufficiency rating being greater than 80.",IF('Bridge Projects'!T54=0,"Eligibility cannot be determined because sufficiency ratings were not provided.","The project appears to be eligible based on the average sufficiency rating being 80 or less.")),"N/A") -> N/A | D31: =IF(B31="N/A","",IF(AND('Bridge Projects'!T54<>0,'Bridge Projects'!T54<=80),D5,"")) | E31: =IF(B31="N/A","",IF('Bridge Projects'!T54=0,E5,"")) | F31: =IF(B31="N/A","",IF('Bridge Projects'!T54>80,F5,""))
B32: STP Shared Fund Highway/Rail Grade Crossing Improvement Projects
B33: =IF(OR('All STP Projects'!M20="Hwy-Rail Grade Crossing",'All STP Projects'!M20="Multiple"),IF(AND('Rail-Hwy Crossings'!O63=0,'Rail-Hwy Crossings'!O67=0),"It appears that all required and optional questions on the Rail-Hwy Crossings worksheet are complete.",IF(AND('Rail-Hwy Crossings'!O63>0,'Rail-Hwy Crossings'!O67=0),CONCATENATE("Please review the Rail-Hwy Crossings worksheet. It appears that at least ",'Rail-Hwy Crossings'!O63," required questions are incomplete."),IF(AND('Rail-Hwy Crossings'!O63=0,'Rail-Hwy Crossings'!O67>0),CONCATENATE("Please review the Rail-Hwy Crossings worksheet. It appears that ",'Rail-Hwy Crossings'!O67," optional questions may be incomplete."),IF(AND('Rail-Hwy Crossings'!O63>0,'Rail-Hwy Crossings'!O67>0),CONCATENATE("Please review the Rail-Hwy Crossings worksheet. It appears that at least ",'Rail-Hwy Crossings'!O63," required questions and ",'Rail-Hwy Crossings'!O67," optional questions are incomplete."),"")))),"N/A") -> N/A | D33: =IF(B33="N/A","",IF(AND('Rail-Hwy Crossings'!O63=0,'Rail-Hwy Crossings'!O67=0),D5,"")) | E33: =IF(B33="N/A","",IF(AND('Rail-Hwy Crossings'!O63=0,'Rail-Hwy Crossings'!O67=0),"",IF(AND('Rail-Hwy Crossings'!O63>0,'Rail-Hwy Crossings'!O67=0),"",IF(AND('Rail-Hwy Crossings'!O63=0,'Rail-Hwy Crossings'!O67>0),E5,"")))) | F33: =IF(B33="N/A","",IF(AND('Rail-Hwy Crossings'!O63=0,'Rail-Hwy Crossings'!O67=0),"",IF('Rail-Hwy Crossings'!O63>0,F5,"")))
B34: =IF(OR('All STP Projects'!M20="Hwy-Rail Grade Crossing",'All STP Projects'!M20="Multiple"),IF(AND('Rail-Hwy Crossings'!D51="",'Rail-Hwy Crossings'!F51="",'Rail-Hwy Crossings'!G51="",'Rail-Hwy Crossings'!H51="",'Rail-Hwy Crossings'!I51="",'Rail-Hwy Crossings'!J51=""),"You must provide at least one Grade crossing number in order to be considered for funding in this category.","You have identified at least one grade crossing to be improved by this project."),"N/A") -> N/A | D34: =IF(B34="N/A","",IF(OR('Rail-Hwy Crossings'!D51<>"",'Rail-Hwy Crossings'!F51<>"",'Rail-Hwy Crossings'!G51<>"",'Rail-Hwy Crossings'!H51<>"",'Rail-Hwy Crossings'!I51<>"",'Rail-Hwy Crossings'!J51<>""),D5,"")) | F34: =IF(B34="N/A","",IF(AND('Rail-Hwy Crossings'!D51="",'Rail-Hwy Crossings'!F51="",'Rail-Hwy Crossings'!G51="",'Rail-Hwy Crossings'!H51="",'Rail-Hwy Crossings'!I51="",'Rail-Hwy Crossings'!J51=""),F5,""))
B35: STP Shared Fund Road Expansion or Reconstruction Projects
B36: =IF(OR('All STP Projects'!M20="Road Expansion",'All STP Projects'!M20="Road Reconstruction",'All STP Projects'!M20="Multiple"),IF(AND('Road Projects'!R178=0,'Road Projects'!R182=0),"It appears that all required and optional questions on the Road Projects worksheet are complete.",IF(AND('Road Projects'!R178>0,'Road Projects'!R182=0),CONCATENATE("Please review the Road Projects worksheet. It appears that at least ",'Road Projects'!R178," required questions are incomplete."),IF(AND('Road Projects'!R178=0,'Road Projects'!R182>0),CONCATENATE("Please review the Road Projects worksheet. It appears that ",'Road Projects'!R182," optional questions may be incomplete."),IF(AND('Road Projects'!R178>0,'Road Projects'!R182>0),CONCATENATE("Please review the Road Projects worksheet. It appears that at least ",'Road Projects'!R178," required questions and ",'Road Projects'!R182," optional questions are incomplete."),"")))),"N/A") -> N/A | D36: =IF(B36="N/A","",IF(AND('Road Projects'!R178=0,'Road Projects'!R182=0),D5,"")) | E36: =IF(B36="N/A","",IF(AND('Road Projects'!R178=0,'Road Projects'!R182<>0),E5,"")) | F36: =IF(B36="N/A","",IF(AND('Road Projects'!R178<>0,'Road Projects'!R182<>0),F5,""))
B37: =IF(OR('All STP Projects'!M20="Road Expansion",'All STP Projects'!M20="Road REconstruction",'All STP Projects'!M20="Multiple"),IF(OR('Road Projects'!D59="",'Road Projects'!D60="",'Road Projects'!D61="",'Road Projects'!D62=""),"You must provide information for at least one segment in order to be considered for funding in this category.","You have provided information for at least one road segment to be improved by this project."),"N/A") -> N/A | D37: =IF(B37="N/A","",IF(OR('Road Projects'!D59<>"",'Road Projects'!D60<>"",'Road Projects'!D61<>"",'Road Projects'!D62<>""),D5,"")) | F37: =IF(B37="N/A","",IF(AND('Road Projects'!D59="",'Road Projects'!D60="",'Road Projects'!D61="",'Road Projects'!D62=""),F5,""))
B38: STP Shared Fund Corridor or Small Area Safety Projects
B39: =IF(OR('All STP Projects'!M20="Safety",'All STP Projects'!M20="Multiple"),IF(AND(Safety!U222=0,Safety!U226=0),"It appears that all required and optional questions on the Safety worksheet are complete.",IF(AND(Safety!U222>0,Safety!U226=0),CONCATENATE("Please review the Safety worksheet. It appears that at least ",Safety!U222," required questions are incomplete."),IF(AND(Safety!U222=0,Safety!U226>0),CONCATENATE("Please review the Safety worksheet. It appears that ",Safety!U226," optional questions may be incomplete."),IF(AND(Safety!U222>0,Safety!U226>0),CONCATENATE("Please review the Safety worksheet. It appears that at least ",Safety!U222," required questions and ",Safety!U226," optional questions are incomplete."),"")))),"N/A") -> N/A | D39: =IF(B39="N/A","",IF(AND(Safety!U222=0,Safety!U226=0),D5,"")) | E39: =IF(B39="N/A","",IF(AND(Safety!U222=0,Safety!U226<>0),E5,"")) | F39: =IF(B39="N/A","",IF(AND(Safety!U222<>0,Safety!U226<>0),F5,""))
B40: =IF(OR('All STP Projects'!M20="Safety",'All STP Projects'!M20="Multiple"),IF(Safety!#REF!=0,"You have not identified any safety improvements, therefore the project may be ineligible in this category.", "You have identified at least one safety improvement."),"N/A") -> N/A | D40: =IF(B40="N/A","",IF(Safety!#REF!<>0,D5,"")) | F40: =IF(B40="N/A","",IF(Safety!#REF!=0,F5,""))
B41: STP Shared Fund Transit Station, Yard, or Terminal Projects
B42: =IF(OR('All STP Projects'!M20="Transit Station, Yard, or Terminal",'All STP Projects'!M20="Multiple"),IF('Transit Projects'!X10="Use this",IF('Transit Projects'!X178="good","It appears that all required and optional questions on the Transit Projects worksheet are complete.",IF(AND('Transit Projects'!Y172>0,'Transit Projects'!Y176=0),CONCATENATE("Please review the Transit Projects worksheet. It appears that at least ",'Transit Projects'!Y172," required questions for this project type are incomplete."),IF(AND('Transit Projects'!Y172=0,'Transit Projects'!Y176>0),CONCATENATE("Please review the Transit Projects worksheet. It appears that ",'Transit Projects'!Y176," optional questions for this project types may be incomplete."),IF(AND('Transit Projects'!Y172>0,'Transit Projects'!Y176>0),CONCATENATE("Please review the Transit Projects worksheet. It appears that at least ",'Transit Projects'!Y172," required questions and ",'Transit Projects'!Y176," optional questions for this project type are incomplete."),"")))),IF('Transit Projects'!AB10="Use this",IF('Transit Projects'!AB178="good","It appears that all required and optional questions on the Transit Projects worksheet are complete.",IF(AND('Transit Projects'!AC172>0,'Transit Projects'!AC176=0),CONCATENATE("Please review the Transit Projects worksheet. It appears that at least ",'Transit Projects'!AC172," required questions for this project type are incomplete."),IF(AND('Transit Projects'!AC172=0,'Transit Projects'!AC176>0),CONCATENATE("Please review the Transit Projects worksheet. It appears that ",'Transit Projects'!AC176," optional questions for this project types may be incomplete."),IF(AND('Transit Projects'!AC172>0,'Transit Projects'!AC176>0),CONCATENATE("Please review the Transit Projects worksheet. It appears that at least ",'Transit Projects'!AC172," required questions and ",'Transit Projects'!AC176," optional questions for this project type are incomplete."),"")))))),"N/A") -> N/A | D42: =IF(B42="N/A","",IF(OR(AND('Transit Projects'!X10="Use this",'Transit Projects'!X178="good"),AND('Transit Projects'!AB10="Use this",'Transit Projects'!AB178="good")),D5,"")) | E42: =IF(B42="N/A","",IF(OR(AND('Transit Projects'!X10="Use this",'Transit Projects'!X178="okay"),AND('Transit Projects'!AB10="Use this",'Transit Projects'!AB178="okay")),E5,"")) | F42: =IF(B42="N/A","",IF(OR(AND('Transit Projects'!X10="Use this",'Transit Projects'!X178="not good"),AND('Transit Projects'!AB10="Use this",'Transit Projects'!AB178="not good")),F5,""))
B43: =IF(OR('All STP Projects'!M20="Transit Station, Yard, or Terminal",'All STP Projects'!M20="Multiple"),IF('Transit Projects'!C59="","You must provide information for at least one station, yard, or terminal component in order to be considered for funding in this category.","You have provided information for at least one station, yard, or terminal component to be improved by this project."),"N/A") -> N/A | D43: =IF(B43="N/A","",IF('Transit Projects'!C59<>"",D5,"")) | F43: =IF(B43="N/A","",IF('Transit Projects'!C59="",F5,""))
B44: =IF(OR('All STP Projects'!M20="Transit Station, Yard, or Terminal",'All STP Projects'!M20="Multiple"),IF('Transit Projects'!X63>=4,"The project may be ineligible due to the average TERM scoring being too high.", "The project appears to be eligible based on the avereage TERM score."),"N/A") -> N/A | D44: =IF(B44="N/A","",IF('Transit Projects'!X63<4,D5,"")) | F44: =IF(B44="N/A","",IF('Transit Projects'!X63>=4,F5,""))
B45: STP Shared Fund Truck Route Improvement Projects
B46: =IF(OR('All STP Projects'!M20="Truck Route Improvements",'All STP Projects'!M20="Multiple"),IF(AND('Truck Routes'!O100=0,'Truck Routes'!O104=0),"It appears that all required and optional questions on the Truck Routes worksheet are complete.",IF(AND('Truck Routes'!O100>0,'Truck Routes'!O104=0),CONCATENATE("Please review the Truck Routes worksheet. It appears that at least ",'Truck Routes'!O100," required questions are incomplete."),IF(AND('Truck Routes'!O100=0,'Truck Routes'!O104>0),CONCATENATE("Please review the Truck Routes worksheet. It appears that ",'Truck Routes'!O104," optional questions may be incomplete."),IF(AND('Truck Routes'!O100>0,'Truck Routes'!O104>0),CONCATENATE("Please review the Truck Routes worksheet. It appears that at least ",'Truck Routes'!O100," required questions and ",'Truck Routes'!O104," optional questions are incomplete."),"")))),"N/A") -> N/A | D46: =IF(B46="N/A","",IF(AND('Truck Routes'!O100=0,'Truck Routes'!O104=0),D5,"")) | E46: =IF(B46="N/A","",IF(AND('Truck Routes'!O100=0,'Truck Routes'!O104=0),"",IF(AND('Truck Routes'!O100>0,'Truck Routes'!O104=0),"",IF(AND('Truck Routes'!O100=0,'Truck Routes'!O104>0),E5,"")))) | F46: =IF(B46="N/A","",IF(AND('Truck Routes'!O100=0,'Truck Routes'!O104=0),"",IF('Truck Routes'!O100>0,F5,"")))
B47: =IF(OR('All STP Projects'!M20="Truck Route Improvements",'All STP Projects'!M20="Multiple"),IF(AND('Truck Routes'!D53="",'Truck Routes'!F53="",'Truck Routes'!G53="",'Truck Routes'!H53="",'Truck Routes'!I53="",'Truck Routes'!J53=""),"You must provide characteristics for at least one road segment in order to be considered for funding in this category.","You have identified at least one road segment to be improved by this project."),"N/A") -> N/A | D47: =IF(B47="N/A","",IF(OR('Truck Routes'!D53<>"",'Truck Routes'!F53<>"",'Truck Routes'!G415<>"",'Truck Routes'!H53<>"",'Truck Routes'!I53<>"",'Truck Routes'!J53<>""),D5,"")) | F47: =IF(B47="N/A","",IF(AND('Truck Routes'!D53="",'Truck Routes'!F53="",'Truck Routes'!G53="",'Truck Routes'!H53="",'Truck Routes'!I53="",'Truck Routes'!J53=""),F5,""))
B48: =IF(OR('All STP Projects'!M20="Truck Route Improvements",'All STP Projects'!M20="Multiple"),IF(AND('Truck Routes'!D57<2,'Truck Routes'!D59="No",'Truck Routes'!D63="No",'Truck Routes'!D67="No",'Truck Routes'!D70="No",'Truck Routes'!D73="No"),"Routes with less than 2% trucks and no geometric deficiencies are not eligible for funding.","The project appears to be eligible for funding consideration based on the % trucks and/or existence of geometric deficiencies."),"N/A") -> N/A | D48: =IF(B48="N/A","",IF(OR('Truck Routes'!D57>1.99,'Truck Routes'!D59="Yes",'Truck Routes'!D63="Yes",'Truck Routes'!D67="Yes",'Truck Routes'!D70="Yes",'Truck Routes'!D73="Yes"),D5,"")) | F48: =IF(B48="N/A","",IF(AND('Truck Routes'!D57<2,'Truck Routes'!D59<>"Yes",'Truck Routes'!D63<>"Yes",'Truck Routes'!D67<>"Yes",'Truck Routes'!D70<>"Yes",'Truck Routes'!D73<>"Yes"),F5,""))
B49: CMAQ/TAP-L Projects
B51: CMAQ/TAP-L Bicycle Facility Projects
B52: =IF(H10<>"Bicycle Facility","N/A",IF(AND('Bicycle Facility Projects'!P42=0,'Bicycle Facility Projects'!P45=0),"It appears that all required and optional questions on the Bicycle Facility Projects worksheet are complete.",IF(AND('Bicycle Facility Projects'!P42>0,'Bicycle Facility Projects'!P45=0),CONCATENATE("Please review the Bicycle Facility Projects worksheet. It appears that at least ",'Bicycle Facility Projects'!P42," required questions are incomplete."),IF(AND('Bicycle Facility Projects'!P42=0,'Bicycle Facility Projects'!P45>0),CONCATENATE("Please review the Bicycle Facility Projects worksheet. It appears that ",'Bicycle Facility Projects'!P45," optional questions may be incomplete."),IF(AND('Bicycle Facility Projects'!P42>0,'Bicycle Facility Projects'!P45>0),CONCATENATE("Please review the Bicycle Facility Projects worksheet. It appears that at least ",'Bicycle Facility Projects'!P42," required questions and ",'Bicycle Facility Projects'!P45," optional questions are incomplete."),""))))) -> N/A | D52: =IF(B52="N/A","",IF(AND('Bicycle Facility Projects'!P42=0,'Bicycle Facility Projects'!P45=0),D5,"")) | E52: =IF(B52="N/A","",IF(AND('Bicycle Facility Projects'!P42=0,'Bicycle Facility Projects'!P45=0),"",IF(AND('Bicycle Facility Projects'!P42>0,'Bicycle Facility Projects'!P45=0),"",IF(AND('Bicycle Facility Projects'!P42=0,'Bicycle Facility Projects'!P45>0),E5,"")))) | F52: =IF(B52="N/A","",IF(AND('Bicycle Facility Projects'!P42=0,'Bicycle Facility Projects'!P45=0),"",IF('Bicycle Facility Projects'!P42>0,F5,"")))
B53: =IF(H10<>"Bicycle Facility","N/A",IF(OR('Bicycle Facility Projects'!D14="",'Bicycle Facility Projects'!D15="",'Bicycle Facility Projects'!D16="",'Bicycle Facility Projects'!D17="",'Bicycle Facility Projects'!D18="",'Bicycle Facility Projects'!D19=""),"You must provide all information for at least one road segment in order to be considered for funding in this category.","You have provided information for at least one road segment to be improved by this project.")) -> N/A | D53: =IF(B53="N/A","",IF(AND('Bicycle Facility Projects'!D14<>"",'Bicycle Facility Projects'!D15<>"",'Bicycle Facility Projects'!D16<>"",'Bicycle Facility Projects'!D17<>"",'Bicycle Facility Projects'!D18<>"",'Bicycle Facility Projects'!D19<>""),D5,"")) | E53: =IF(B53="N/A","",IF(AND('Bicycle Facility Projects'!D14<>"",'Bicycle Facility Projects'!D15<>"",'Bicycle Facility Projects'!D16<>"",'Bicycle Facility Projects'!D17<>"",'Bicycle Facility Projects'!D18<>"",'Bicycle Facility Projects'!D19<>""),"",IF(OR('Bicycle Facility Projects'!D14<>"",'Bicycle Facility Projects'!D15<>"",'Bicycle Facility Projects'!D16<>"",'Bicycle Facility Projects'!D17<>"",'Bicycle Facility Projects'!D18<>"",'Bicycle Facility Projects'!D19<>""),E5,""))) | F53: =IF(B53="N/A","",IF(AND('Bicycle Facility Projects'!D14="",'Bicycle Facility Projects'!D15="",'Bicycle Facility Projects'!D16="",'Bicycle Facility Projects'!D17="",'Bicycle Facility Projects'!D18="",'Bicycle Facility Projects'!D19=""),F5,""))
B54: CMAQ Demonstration Projects
B55: =IF(H10<>"Demonstration","N/A",IF(AND('Demonstration Projects'!Q29=0,'Demonstration Projects'!Q32=0),"It appears that all required and optional questions on the Demonstration Projects worksheet are complete.",IF(AND('Demonstration Projects'!Q29>0,'Demonstration Projects'!Q32=0),CONCATENATE("Please review the Demonstration Projects worksheet. It appears that at least ",'Demonstration Projects'!Q29," required questions are incomplete."),IF(AND('Demonstration Projects'!Q29=0,'Demonstration Projects'!Q32>0),CONCATENATE("Please review the Demonstration Projects worksheet. It appears that ",'Demonstration Projects'!Q32," optional questions may be incomplete."),IF(AND('Demonstration Projects'!Q29>0,'Demonstration Projects'!Q32>0),CONCATENATE("Please review the Demonstration Projects worksheet. It appears that at least ",'Demonstration Projects'!Q29," required questions and ",'Demonstration Projects'!Q32," optional questions are incomplete."),""))))) -> N/A | D55: =IF(B55="N/A","",IF(AND('Demonstration Projects'!Q29=0,'Demonstration Projects'!Q32=0),D5,"")) | E55: =IF(B55="N/A","",IF(AND('Demonstration Projects'!Q29=0,'Demonstration Projects'!Q32=0),"",IF(AND('Demonstration Projects'!Q29>0,'Demonstration Projects'!Q32=0),"",IF(AND('Demonstration Projects'!Q29=0,'Demonstration Projects'!Q32>0),E5,"")))) | F55: =IF(B55="N/A","",IF(AND('Demonstration Projects'!Q29=0,'Demonstration Projects'!Q32=0),"",IF('Demonstration Projects'!Q29>0,F5,"")))
B56: CMAQ Direct Emissions Reduction Projects
B57: =IF(H10<>"Direct Emissions Reduction","N/A",IF(AND('Direct Emissions Reductions'!AA60=0,'Direct Emissions Reductions'!AA63=0),"It appears that all required and optional questions on the Direct Emissions Reductions worksheet are complete.",IF(AND('Direct Emissions Reductions'!AA60>0,'Direct Emissions Reductions'!AA63=0),CONCATENATE("Please review the Direct Emissions Reductions worksheet. It appears that at least ",'Direct Emissions Reductions'!AA60," required questions are incomplete."),IF(AND('Direct Emissions Reductions'!AA60=0,'Direct Emissions Reductions'!AA63>0),CONCATENATE("Please review the Direct Emissions Reductions worksheet. It appears that ",'Direct Emissions Reductions'!AA63," optional questions may be incomplete."),IF(AND('Direct Emissions Reductions'!AA60>0,'Direct Emissions Reductions'!AA63>0),CONCATENATE("Please review the Direct Emissions Reductions worksheet. It appears that at least ",'Direct Emissions Reductions'!AA60," required questions and ",'Direct Emissions Reductions'!AA63," optional questions are incomplete."),""))))) -> N/A | D57: =IF(B57="N/A","",IF(AND('Direct Emissions Reductions'!AA60=0,'Direct Emissions Reductions'!AA63=0),D5,"")) | E57: =IF(B57="N/A","",IF(AND('Direct Emissions Reductions'!AA60=0,'Direct Emissions Reductions'!AA63=0),"",IF(AND('Direct Emissions Reductions'!AA60>0,'Direct Emissions Reductions'!AA63=0),"",IF(AND('Direct Emissions Reductions'!AA60=0,'Direct Emissions Reductions'!AA63>0),E5,"")))) | F57: =IF(B57="N/A","",IF(AND('Direct Emissions Reductions'!AA60=0,'Direct Emissions Reductions'!AA63=0),"",IF('Direct Emissions Reductions'!AA60>0,F5,"")))
B58: =IF(H10<>"Direct Emissions Reduction","N/A",IF('Direct Emissions Reductions'!Z25<>0,"You must provide all information for at least one vehicle type in order to be considered for funding in this category.","You have provided information for at least one vehicle type.")) -> N/A | D58: =IF(B58="N/A","",IF('Direct Emissions Reductions'!Z25<>"",D5,"")) | F58: =IF(B58="N/A","",IF('Direct Emissions Reductions'!Z25="",F5,""))
B59: CMAQ Bottleneck Elimination Projects
B60: =IF(H10<>"Bottleneck Elimination","N/A",IF(AND('Road Projects'!Z183=0,'Road Projects'!Z187=0),"It appears that all required and optional questions on the Road Projects worksheet are complete.",IF(AND('Road Projects'!Z183>0,'Road Projects'!Z187=0),CONCATENATE("Please review the Road Projects worksheet. It appears that at least ",'Road Projects'!Z183," required questions are incomplete."),IF(AND('Road Projects'!Z183=0,'Road Projects'!Z187>0),CONCATENATE("Please review the Road Projects worksheet. It appears that ",'Road Projects'!Z187," optional questions may be incomplete."),IF(AND('Road Projects'!Z183>0,'Road Projects'!Z187>0),CONCATENATE("Please review the Road Projects worksheet. It appears that at least ",'Road Projects'!Z183," required questions and ",'Road Projects'!Z187," optional questions are incomplete."),""))))) -> N/A | D60: =IF(B60="N/A","",IF(AND('Road Projects'!Z183=0,'Road Projects'!Z187=0),D5,"")) | E60: =IF(B60="N/A","",IF(AND('Road Projects'!Z183=0,'Road Projects'!Z187=0),"",IF(AND('Road Projects'!Z183>0,'Road Projects'!Z187=0),"",IF(AND('Road Projects'!Z183=0,'Road Projects'!Z187>0),E5,"")))) | F60: =IF(B60="N/A","",IF(AND('Road Projects'!Z183=0,'Road Projects'!Z187=0),"",IF('Road Projects'!Z183>0,F5,"")))
B61: =IF(H10<>"Bottleneck Elimination","N/A",IF('Road Projects'!Y45="ineligible work","Please review the Road Projects worksheet. You have selected a project scope that adds capacity, which is not CMAQ-eligible",IF('Road Projects'!Y25=0,"You have indicated a scope appropriate for this project type.","N/A"))) -> N/A | D61: =IF(B61="N/A","",IF('Road Projects'!Y45="ok",D5,"")) | F61: =IF(B61="N/A","",IF('Road Projects'!Y45="ineligible work",F5,""))
B62: =IF(H10<>"Bottleneck Elimination","N/A",IF(OR('Road Projects'!D59="",'Road Projects'!D60="",'Road Projects'!D61="",'Road Projects'!D62="",'Road Projects'!D63="",'Road Projects'!D64=""),"You must provide all information for at least one road segment in order to be considered for funding in this category.","You have provided information for at least one road segment to be improved by this project.")) -> N/A | D62: =IF(B62="N/A","",IF(AND('Road Projects'!D59<>"",'Road Projects'!D60<>"",'Road Projects'!D61<>"",'Road Projects'!D62<>"",'Road Projects'!D63<>"",'Road Projects'!D64<>""),D5,"")) | E62: =IF(B62="N/A","",IF(AND('Road Projects'!D59<>"",'Road Projects'!D60<>"",'Road Projects'!D61<>"",'Road Projects'!D62<>"",'Road Projects'!D63<>"",'Road Projects'!D64<>""),"",IF(OR('Road Projects'!D59<>"",'Road Projects'!D60<>"",'Road Projects'!D61<>"",'Road Projects'!D62<>"",'Road Projects'!D63<>"",'Road Projects'!D64<>""),E5,""))) | F62: =IF(B62="N/A","",IF(AND('Road Projects'!D59="",'Road Projects'!D60="",'Road Projects'!D61="",'Road Projects'!D62="",'Road Projects'!D63="",'Road Projects'!D64=""),F5,""))
B63: =IF(H10<>"Bottleneck Elimination","N/A",IF('Road Projects'!D102="Yes",IF(Safety!F5="","You indicated on the Road Projects worksheet that the project includes a saftey issue(s), but did not complete the Safety worksheet.", "You indicated on the Road Projects worksheet that the project includes a saftey issue(s), and it appears that you completed the Safety worksheet."),"The project does not include a safety issue(s).")) -> N/A | D63: =IF(B62="N/A","",IF('Road Projects'!D102="Yes",IF(Safety!F5="","", D5),D5)) | F63: =IF(B62="N/A","",IF('Road Projects'!D102="Yes",IF(Safety!F5="",F5, ""),""))
B64: =IF(H10<>"Bottleneck Elimination","N/A","Don't forget to complete before and after Input Module worksheets for all intersections involved in the project.") -> N/A | E64: =IF(B64="N/A","",E5)
B65: CMAQ Intersection Improvement Projects
B66: =IF(H10<>"Intersection Improvement","N/A",IF(AND('Road Projects'!V180=0,'Road Projects'!V184=0),"It appears that all required and optional questions on the Road Projects worksheet are complete.",IF(AND('Road Projects'!V180>0,'Road Projects'!V184=0),CONCATENATE("Please review the Road Projects worksheet. It appears that at least ",'Road Projects'!V180," required questions are incomplete."),IF(AND('Road Projects'!V180=0,'Road Projects'!V184>0),CONCATENATE("Please review the Road Projects worksheet. It appears that ",'Road Projects'!V184," optional questions may be incomplete."),IF(AND('Road Projects'!V180>0,'Road Projects'!V184>0),CONCATENATE("Please review the Road Projects worksheet. It appears that at least ",'Road Projects'!V180," required questions and ",'Road Projects'!V184," optional questions are incomplete."),""))))) -> N/A | D66: =IF(B66="N/A","",IF(AND('Road Projects'!Z188=0,'Road Projects'!Z192=0),D5,"")) | E66: =IF(B66="N/A","",IF(AND('Road Projects'!Z188=0,'Road Projects'!Z192=0),"",IF(AND('Road Projects'!Z188>0,'Road Projects'!Z192=0),"",IF(AND('Road Projects'!Z188=0,'Road Projects'!Z192>0),E5,"")))) | F66: =IF(B66="N/A","",IF(AND('Road Projects'!Z188=0,'Road Projects'!Z192=0),"",IF('Road Projects'!Z188>0,F5,"")))
B67: =IF(H10<>"Intersection Improvement","N/A",IF('Road Projects'!U45="ineligible work","Please review the Road Projects worksheet. You have selected a project scope that adds capacity, which is not CMAQ-eligible",IF('Road Projects'!U19=0,"You have indicated a scope appropriate for this project type.","N/A"))) -> N/A | D67: =IF(B67="N/A","",IF('Road Projects'!U45="ok",D5,"")) | F67: =IF(B67="N/A","",IF('Road Projects'!U45="ineligible work",F5,""))
B68: =IF(H10<>"Intersection Improvement","N/A",IF(OR('Road Projects'!D59="",'Road Projects'!D60="",'Road Projects'!D61="",'Road Projects'!D62="",'Road Projects'!D63="",'Road Projects'!D64=""),"You must provide all information for at least one road segment in order to be considered for funding in this category.","You have provided information for at least one road segment to be improved by this project.")) -> N/A | D68: =IF(B68="N/A","",IF(AND('Road Projects'!D59<>"",'Road Projects'!D60<>"",'Road Projects'!D61<>"",'Road Projects'!D62<>"",'Road Projects'!D63<>"",'Road Projects'!D64<>""),D5,"")) | E68: =IF(B68="N/A","",IF(AND('Road Projects'!D59<>"",'Road Projects'!D60<>"",'Road Projects'!D61<>"",'Road Projects'!D62<>"",'Road Projects'!D63<>"",'Road Projects'!D64<>""),"",IF(OR('Road Projects'!D59<>"",'Road Projects'!D60<>"",'Road Projects'!D61<>"",'Road Projects'!D62<>"",'Road Projects'!D63<>"",'Road Projects'!D64<>""),E5,""))) | F68: =IF(B68="N/A","",IF(AND('Road Projects'!D59="",'Road Projects'!D60="",'Road Projects'!D61="",'Road Projects'!D62="",'Road Projects'!D63="",'Road Projects'!D64=""),F5,""))
B69: =IF(H10<>"Intersection Improvement","N/A",IF('Road Projects'!D102="Yes",IF(Safety!F5="","You indicated on the Road Projects worksheet that the project includes a saftey issue(s), but did not complete the Safety worksheet.", "You indicated on the Road Projects worksheet that the project includes a saftey issue(s), and it appears that you completed the Safety worksheet."),"The project does not include a safety issue(s).")) -> N/A | D69: =IF(B69="N/A","",IF('Road Projects'!D102="Yes",IF(Safety!F5="","", D5),D5)) | F69: =IF(B69="N/A","",IF('Road Projects'!D102="Yes",IF(Safety!F5="",F5, ""),""))
B70: =IF(H10<>"Intersection Improvement","N/A","Don't forget to complete before and after Input Module worksheets for all intersections involved in the project.") -> N/A | E70: =IF(B70="N/A","",E5)
B71: CMAQ Signal Interconnect Projects
B72: =IF(H10<>"Signal Interconnect","N/A",IF(AND('Signal Interconnects'!S52=0,'Signal Interconnects'!S56=0),"It appears that all required and optional questions on the Signal Interconnects worksheet are complete.",IF(AND('Signal Interconnects'!S52>0,'Signal Interconnects'!S56=0),CONCATENATE("Please review the Signal Interconnects worksheet. It appears that at least ",'Signal Interconnects'!S52," required questions are incomplete."),IF(AND('Signal Interconnects'!S52=0,'Signal Interconnects'!S56>0),CONCATENATE("Please review the Signal Interconnects worksheet. It appears that ",'Signal Interconnects'!S56," optional questions may be incomplete."),IF(AND('Signal Interconnects'!S52>0,'Signal Interconnects'!S56>0),CONCATENATE("Please review the Signal Interconnects worksheet. It appears that at least ",'Signal Interconnects'!S52," required questions and ",'Signal Interconnects'!S56," optional questions are incomplete."),""))))) -> N/A | D72: =IF(B72="N/A","",IF(AND('Signal Interconnects'!S52=0,'Signal Interconnects'!S56=0),D10,"")) | E72: =IF(B72="N/A","",IF(AND('Signal Interconnects'!S52=0,'Signal Interconnects'!S56=0),"",IF(AND('Signal Interconnects'!S52>0,'Signal Interconnects'!S56=0),"",IF(AND('Signal Interconnects'!S52=0,'Signal Interconnects'!S56>0),E5,"")))) | F72: =IF(B72="N/A","",IF(AND('Signal Interconnects'!S52=0,'Signal Interconnects'!S56=0),"",IF('Signal Interconnects'!S52>0,F5,"")))
B73: =IF(H10<>"Signal Interconnect","N/A",IF(OR('Signal Interconnects'!C15="",'Signal Interconnects'!D15="",'Signal Interconnects'!E15="",'Signal Interconnects'!F15="",'Signal Interconnects'!G15=""),"You must provide all information for at least one road segment in order to be considered for funding in this category.","You have provided information for at least one road segment to be improved by this project.")) -> N/A | D73: =IF(B73="N/A","",IF(AND('Signal Interconnects'!C15<>"",'Signal Interconnects'!D15<>"",'Signal Interconnects'!E15<>"",'Signal Interconnects'!F15<>"",'Signal Interconnects'!G15<>""),D5,"")) | E73: =IF(B73="N/A","",IF(AND('Signal Interconnects'!C15<>"",'Signal Interconnects'!D15<>"",'Signal Interconnects'!E15<>"",'Signal Interconnects'!F15<>"",'Signal Interconnects'!G15<>""),"",IF(OR('Signal Interconnects'!C15<>"",'Signal Interconnects'!D15<>"",'Signal Interconnects'!E15<>"",'Signal Interconnects'!F15<>"",'Signal Interconnects'!G15<>""),E5,""))) | F73: =IF(B73="N/A","",IF(AND('Signal Interconnects'!C15="",'Signal Interconnects'!D15="",'Signal Interconnects'!E15="",'Signal Interconnects'!F15="",'Signal Interconnects'!G15=""),F5,""))
B74: =IF(H10<>"Signal Interconnect","N/A",IF('Signal Interconnects'!D27="Yes",IF(Safety!F5="","You indicated on the Signal Interconnects worksheet that the project includes a saftey issue(s), but did not complete the Safety worksheet.", "You indicated on the Signal Interconnects worksheet that the project includes a saftey issue(s), and it appears that you completed the Safety worksheet."),"The project does not include a safety issue(s).")) -> N/A | D74: =IF(B74="N/A","",IF('Signal Interconnects'!D27="Yes",IF(Safety!F5="","", D5),D5)) | F74: =IF(B74="N/A","",IF('Signal Interconnects'!D27="Yes",IF(Safety!F5="",F5, ""),""))
B75: CMAQ Transit Facility Improvement Projects
B76: =IF(H10<>"Transit Facility Improvement","N/A",IF(AND('Transit Projects'!AG174=0,'Transit Projects'!AG178=0),"It appears that all required and optional questions on the Transit Projects worksheet are complete.",IF(AND('Transit Projects'!AG174>0,'Transit Projects'!AG178=0),CONCATENATE("Please review the Transit Projects worksheet. It appears that at least ",'Transit Projects'!AG174," required questions are incomplete."),IF(AND('Transit Projects'!AG174=0,'Transit Projects'!AG178>0),CONCATENATE("Please review the Transit Projects worksheet. It appears that ",'Transit Projects'!AG178," optional questions may be incomplete."),IF(AND('Transit Projects'!AG174>0,'Transit Projects'!AG178>0),CONCATENATE("Please review the Transit Projects worksheet. It appears that at least ",'Transit Projects'!AG174," required questions and ",'Transit Projects'!AG178," optional questions are incomplete."),""))))) -> N/A | D76: =IF(B76="N/A","",IF(AND('Transit Projects'!AG174=0,'Transit Projects'!AG178=0),D5,"")) | E76: =IF(B76="N/A","",IF(AND('Transit Projects'!AG174=0,'Transit Projects'!AG178=0),"",IF(AND('Transit Projects'!AG174>0,'Transit Projects'!AG178=0),"",IF(AND('Transit Projects'!AG174=0,'Transit Projects'!AG178>0),E5,"")))) | F76: =IF(B76="N/A","",IF(AND('Transit Projects'!AG174=0,'Transit Projects'!AG178=0),"",IF('Transit Projects'!AG174>0,F5,"")))
B77: =IF(H10<>"Transit Facility Improvement","N/A",IF(SUM('Transit Projects'!AF19:AF23)>0,"You must provide benefits information (questions 9-13) on the Transit Projects worksheet to be eligible for CMAQ funding.","You have provided Benefits information.")) -> N/A | D77: =IF(B77="N/A","",IF(SUM('Transit Projects'!AF19:AF23)=0,D5,"")) | F77: =IF(B77="N/A","",IF(SUM('Transit Projects'!AF19:AF23)<>0,F5,""))
B78: =IF(H10<>"Transit Facility Improvement","N/A",IF('Transit Projects'!C59="","You must provide information for at least one station, yard, or terminal component in order to be considered for funding in this category.","You have provided information for at least one station, yard, or terminal component to be improved by this project.")) -> N/A | D78: =IF(B78="N/A","",IF('Transit Projects'!C59<>"",D5,"")) | E78: =IF(B78="N/A","",IF(OR(AND('Transit Projects'!X46="Use this",'Transit Projects'!X213="okay"),AND('Transit Projects'!AB46="Use this",'Transit Projects'!AB213="okay")),E40,"")) | F78: =IF(B78="N/A","",IF('Transit Projects'!C59="",F5,""))
B79: CMAQ Transit Service Improvement Projects
B80: =IF(H10<>"Transit Service and Equipment","N/A",IF(AND('Transit Projects'!AK174=0,'Transit Projects'!AK178=0),"It appears that all required and optional questions on the Transit Projects worksheet are complete.",IF(AND('Transit Projects'!AK174>0,'Transit Projects'!AK178=0),CONCATENATE("Please review the Transit Projects worksheet. It appears that at least ",'Transit Projects'!AK174," required questions are incomplete."),IF(AND('Transit Projects'!AK174=0,'Transit Projects'!AK178>0),CONCATENATE("Please review the Transit Projects worksheet. It appears that ",'Transit Projects'!AK178," optional questions may be incomplete."),IF(AND('Transit Projects'!AK174>0,'Transit Projects'!AK178>0),CONCATENATE("Please review the Transit Projects worksheet. It appears that at least ",'Transit Projects'!AK174," required questions and ",'Transit Projects'!AK178," optional questions are incomplete."),""))))) -> N/A | D80: =IF(B80="N/A","",IF(AND('Transit Projects'!AK174=0,'Transit Projects'!AK178=0),D5,"")) | E80: =IF(B80="N/A","",IF(AND('Transit Projects'!AK174=0,'Transit Projects'!AK178=0),"",IF(AND('Transit Projects'!AK174>0,'Transit Projects'!AK178=0),"",IF(AND('Transit Projects'!AK174=0,'Transit Projects'!AK178>0),E5,"")))) | F80: =IF(B80="N/A","",IF(AND('Transit Projects'!AK174=0,'Transit Projects'!AK178=0),"",IF('Transit Projects'!AK174>0,F5,"")))
B81: =IF(H10<>"Transit Service and Equipment","N/A",IF(SUM('Transit Projects'!AF19:AF23)>0,"You must provide benefits information (questions 9-13) on the Transit Projects worksheet to be eligible for CMAQ funding.","You have provided Benefits information.")) -> N/A | D81: =IF(B81="N/A","",IF(SUM('Transit Projects'!AJ19:AJ23)=0,D5,"")) | F81: =IF(B81="N/A","",IF(SUM('Transit Projects'!AJ19:AJ23)<>0,F5,""))
B82: =IF(H10<>"Transit Service and Equipment","N/A",IF(AND('Transit Projects'!AJ31=0,'Transit Projects'!AJ38=0),"You must select at least one reliability enhancement in order to be considered for funding in this category.","You have selected at least one reliability enhancement.")) -> N/A | D82: =IF(B82="N/A","",IF(AND('Transit Projects'!AJ31=0,'Transit Projects'!AJ38=0),"",D5)) | E82: =IF(B82="N/A","",IF(OR(AND('Transit Projects'!X50="Use this",'Transit Projects'!X217="okay"),AND('Transit Projects'!AB50="Use this",'Transit Projects'!AB217="okay")),E44,"")) | F82: =IF(B82="N/A","",IF(AND('Transit Projects'!AJ31=0,'Transit Projects'!AJ38=0),F5,""))
B83: CMAQ Access to Transit Projects
B84: =IF(H10<>"Access to Transit","N/A",IF(AND('Transit Projects'!AO172=0,'Transit Projects'!AO176=0),"It appears that all required and optional questions on the Transit Projects worksheet are complete.",IF(AND('Transit Projects'!AO172>0,'Transit Projects'!AO176=0),CONCATENATE("Please review the Transit Projects worksheet. It appears that at least ",'Transit Projects'!AO172," required questions are incomplete."),IF(AND('Transit Projects'!AO172=0,'Transit Projects'!AO176>0),CONCATENATE("Please review the Transit Projects worksheet. It appears that ",'Transit Projects'!AO176," optional questions may be incomplete."),IF(AND('Transit Projects'!AO172>0,'Transit Projects'!AO176>0),CONCATENATE("Please review the Transit Projects worksheet. It appears that at least ",'Transit Projects'!AO172," required questions and ",'Transit Projects'!AO176," optional questions are incomplete."),""))))) -> N/A | D84: =IF(B84="N/A","",IF(AND('Transit Projects'!AO172=0,'Transit Projects'!AO176=0),D5,"")) | E84: =IF(B84="N/A","",IF(AND('Transit Projects'!AO172=0,'Transit Projects'!AO176=0),"",IF(AND('Transit Projects'!AO172>0,'Transit Projects'!AO176=0),"",IF(AND('Transit Projects'!AO172=0,'Transit Projects'!AO176>0),E5,"")))) | F84: =IF(B84="N/A","",IF(AND('Transit Projects'!AO172=0,'Transit Projects'!AO176=0),"",IF('Transit Projects'!AO172>0,F5,"")))
B85: =IF(H10<>"Access to Transit","N/A",IF(SUM('Transit Projects'!AN19:AN23)>0,"You must provide benefits information (questions 9-13) on the Transit Projects worksheet to be eligible for CMAQ funding.","You have provided Benefits information.")) -> N/A | D85: =IF(B85="N/A","",IF(SUM('Transit Projects'!AN19:AN23)=0,D5,"")) | F85: =IF(B85="N/A","",IF(SUM('Transit Projects'!AN19:AN23)<>0,F5,""))
B86: CMAQ Other Projects
B87: =IF(H10<>"Other","N/A",IF(AND('Other Projects'!P29=0,'Other Projects'!P32=0),"It appears that all required and optional questions on the Other Projects worksheet are complete.",IF(AND('Other Projects'!P29>0,'Other Projects'!P32=0),CONCATENATE("Please review the Other Projects worksheet. It appears that at least ",'Other Projects'!P29," required questions are incomplete."),IF(AND('Other Projects'!P29=0,'Other Projects'!P32>0),CONCATENATE("Please review the Other Projects worksheet. It appears that ",'Other Projects'!P32," optional questions may be incomplete."),IF(AND('Other Projects'!P29>0,'Other Projects'!P32>0),CONCATENATE("Please review the Other Projects worksheet. It appears that at least ",'Other Projects'!P29," required questions and ",'Other Projects'!P32," optional questions are incomplete."),""))))) -> N/A | D87: =IF(B87="N/A","",IF(AND('Other Projects'!P29=0,'Other Projects'!P32=0),D5,"")) | E87: =IF(B87="N/A","",IF(AND('Other Projects'!P29=0,'Other Projects'!P32=0),"",IF(AND('Other Projects'!P29>0,'Other Projects'!P32=0),"",IF(AND('Other Projects'!P29=0,'Other Projects'!P32>0),E5,"")))) | F87: =IF(B87="N/A","",IF(AND('Other Projects'!P29=0,'Other Projects'!P32=0),"",IF('Other Projects'!P29>0,F5,"")))
B89: THIS WORKSHEET ENDS HERE

Sheet Preliminary Engineering - All
C1: ALL PROJECTS
C2: Complete the questions based on the processing (IDOT or FTA).
K3: CMAP Use Only - Hide these columns
C4: Project Identification | K4: checkbox values | M4: master field names
B5: 1 | C5: TIP ID (as assigned in eTIP): | M5: CFP ID
B6: 2 | C6: Project Title (as entered in eTIP): | M6: Title
C8: Preliminary Engineering - Projects Processed Through IDOT | K8: checkbox values | M8: master field names
B9: 3 | C9: Degree of Completion for projects processed through IDOT: | D9: Pick One | M9: Hwy E1 Completion
B10: 4 | C10: For each document required to demonstrate the above, enter the file name(s) of the document(s) attached in eTIP. Requied fields will be green based on selection made above.
C11: Design approval letter/form | M11: Hwy E1 DA file
C12: PDR transmittal letter/email | M12: Hwy E1 PDR file
C13: Phase 1 Kick-off meeting minutes | M13: Hwy E1 kick-off file
C14: FHWA coordination meeting minutes | M14: Hwy E1 Coord file
C15: ESR transmittal and correspondence from IDOT BDE | M15: Hwy E1 ESR file
C16: Draft PDR transmittal cover or letter/email | M16: Hwy E1 draft PDR file
C17: Appropriate section(s) of draft PDR including documentation of investigations, coordination, and commitments | M17: Hwy E1 PDR sects file
C18: Appropriate documentation (forms and/or emails) demonstrating completion of a PEL and that there are no further comments (Required only for projects undergoing a PEL prior to Phase 1) | M18: Hwy E1 PEL file
C19: Describe any unusual circumstances that should be considered when determining the degree of completion of preliminary engineering. | M19: Hwy E1 Unusual
C21: Preliminary Engineering - Projects Processed Through FTA | K21: checkbox values | M21: master field names
B22: 5 | C22: Degree of Completion for projects processed through FTA: | D22: Pick One | M22: Transit E1 Completion
C23: Project qualifies as a "C-List" Categorical Exclusion (CE) | D23: Yes/No | M23: Transit E1 C-List
C24: Project qualifies as a "D-List" Categorical Exclusion (CE) | D24: Yes/No | M24: Transit E1 D-List
B25: 6 | C25: For each document required to demonstrate the above, enter the file name(s) of the document(s) attached in eTIP. Requied fields will be green based on selection made above.
C26: ROD or FONSI Signature page(s) | M26: Transit E1 ROD file
C27: CE documentation | M27: Transit E1 CE file
C28: Announcement that draft EIS or EA was available for public review | M28: Transit E1 Public file
C29: Documentation that all environmental studies are complete | M29: Transit E1 Studies file
C30: Documentation to demonstrate that preliminary engineering is underway (see application booklet) | M30: Transit E1 underway file
C31: Describe any unusual circumstances that should be considered when determining the degree of completion of preliminary engineering. | M31: Transit E1 Unusual
B34: THIS WORKSHEET ENDS HERE

Sheet All STP Projects
C1: STP Shared Fund - ALL Project Types
C2: Complete the questions.
M3: CMAP Use Only - Hide these columns
C4: Project Identification | M4: checkbox values | O4: master field names
B5: 1 | C5: TIP ID (as assigned in eTIP): | O5: CFP ID
B6: 2 | C6: Project Title (as entered in eTIP): | O6: Title
C8: Eligibility
B9: 3 | C9: Number of local partners participating in the project: | D9: Pick One | O9: # Partners
C10: If more than one partner, provide a list of partners and briefly explain how each is participating financially in the project: | O10: Partners
B11: 4 | C11: Is the project identified in an approved or adopted plan? | D11: Yes/No | O11: Project in plan
C12: Is the project type supported in an approved or adopted plan? | D12: Yes/No | O12: Type in plan
C13: Provide a link to the plan document (if the document is not available online, enter "see eTIP" and the file name of the document attached (pdf or Word format only) to the eTIP application. | O13: Plan link/name
C14: On what page(s) of the plan can the project be found or referenced? | O14: Plan page ref
C16: Sponsor/Implementer Relationship
B17: 5 | C17: Will this project be implemented by an agency that is not the sponsor, such as IDOT, the county DOT or a transit agency? | D17: Yes/No | O17: Other implementer
C18: If implementation will be by another agency, describe the implementing agency's commitment to implementing the project according to the schedule proposed in this application. Attach any evidence (such as a Letter of Intent or budget document that includes the project) in eTIP, and provide the name of the file attachment here: | O18: Imp agency commitment
C19: If implementation will be by another agency, provide the agency name and the name, phone number, and email address of a contact at that agency that can verify the agency's commitment to implementing the project according to the STP shared fund Active Program Management policies: | O19: Imp agency contact
M20: =IF(COUNTIF(M22:N26,"True")>1,"Multiple", IF(M22=TRUE,"Bike/Ped Barrier Elimination",IF(M23=TRUE,"Bus Speed Improvements",IF(M24=TRUE,"Hwy-Rail Grade Crossing",IF(M25=TRUE,"Road Reconstruction",IF(M26=TRUE,"Truck Route Improvements",IF(N22=TRUE,"Bridge",IF(N23=TRUE,"Safety",IF(N24=TRUE,"Road Expansion",IF(N25=TRUE,"Transit Station, Yard, or Terminal","N/A")))))))))) -> N/A
C21: STP Shared Fund Project Type(s)
B22: 6 | C22: Select the project type(s) for this application. Projects will be considered in multiple categories only if there is both an appropriate need and improvement shown in those categories: | E22: Bicycle and Pedestrian Barrier Elimination | H22: Bridge Rehab or Reconstruction | M22: FALSE | N22: FALSE | O22: Type: Barrier | P22: Type: Bridge
E23: Bus Speed Improvements | H23: Corridor or Small Area Safety | M23: FALSE | N23: FALSE | O23: Type: Bus | P23: Type: Safety
E24: Highway/Rail Grade Crossing Improvements | H24: Road Expansion | M24: FALSE | N24: FALSE | O24: Type: Rail | P24: Type: Expansion
E25: Road Reconstruction | H25: Transit Station, Yard or Terminal Improvements (including bike/ped access) | M25: FALSE | N25: FALSE | O25: Type: Recon | P25: Type: Transit
E26: Truck Route Improvements | M26: FALSE | O26: Type: Truck
C28: Minimum Acceptable Funding
D29: Projects processed by IDOT/FHWA | I29: Projects processed by FTA
D30: ENG1 | E30: ENG2 | F30: ROW | G30: CON | H30: CE | I30: ENG | J30: IMP | K30: CON
B31: 7 | C31: Enter the full amount of requested funds in whole dollars, as shown in eTIP, by phase. Enter "0" if no funds are requested for the phase: | O31: <phase> full
C32: Is the sponsor willing to accept partial funding for any phase(s)? | D32: Yes/No | O32: maf
C33: If yes, enter the minimum amount of STP shared funds the sponsor is willing to accept, by phase: | O33: <phase> min accept
B34: 8 | C34: By providing a minimum acceptable funding amount, the project sponsor(s) acknowledges and agrees to the following. If any point is not agreed to or any requested data is not provided in this section only the full amount of requested funding will be considered during program development.
C35: The sponsor has local or other funds available to fill the funding gap? | D35: Yes/No | O35: maf: have gap
C36: If yes, enter the source(s) of funds (e.g. MFT, Rebuild Illinois, etc.) that will be used in lieu of STP to fill the gap, by phase: | D36: ENG1 | E36: ENG2 | F36: ROW | G36: CON | H36: CE | I36: ENG | J36: IMP | K36: CON
O37: <phase> maf source
C38: If the above source of funds is "STP-L" from the local council/CDOT, enter the Federal Fiscal Year in which STP-L funds are currently programmed, by phase: | O38: <phase> maf stp-l yr
C39: No additional STP shared funds will be awarded under any active reprogramming actions allowed by Active Program Management policies for projects or project phases programmed at less than the full amount requested, however sponsors may apply for additional funds in future calls for projects, but any STP shared funds already programmed will not be considered as "committed" funds during future calls. Check box to indicate agreement. | M39: FALSE | O39: maf: no addl
C40: Projects funded at less than the fully requested funding amount will not be automatically "made whole". The sponsor is accepting a set percentage share of STP shared funds. That percentage will be held constant if the cost of the project/project phase changes. Check box to indicate agreement. | M40: FALSE | O40: maf: pct constant
C41: Financial commitment points for this application will be calculated based on the full requested amount of STP shared funds. These points will not be recalculated if a project is funded at less than the fully requested amount. Check box to indicate agreement. | M41: FALSE | O41: maf: fin commit
O43: Blank required fill-ins: | P43: =COUNTIF(D5:D6,"")+COUNTIF(D13:D14,"") -> 4
B44: THIS WORKSHEET ENDS HERE | O44: Missing drop-downs: | P44: =COUNTIF(D9,"Pick one")+COUNTIF(D11:D32,"Yes/No") -> 5
O45: blank checkboxes: | P45: =IF(COUNTIF(M22:N26,"false")=9,1,0) -> 1
P46: =SUM(P43:P45) -> 10
O47: Missing opt fill-ins: | P47: =IF(D9>1,COUNTIF(D10,""))+IF(D17="yes",COUNTIF(D18:D19,""),0) -> 1
O48: Missing maf: | P48: =IF(AND(D32="yes",SUM(D33:K33)=0),"1","0") -> 0
O49: Missing maf checkboxes: | P49: =IF(D32="yes",COUNTIF(M39:M41,"false"),0) -> 0
P50: =SUM(P47:P49) -> 1

Sheet Bicycle Facility Projects
C1: CMAQ and TAP Bicycle Facility Projects
C2: Complete the questions.
J3: CMAP Use Only - Hide these columns
C4: Project Identification | J4: checkbox values | L4: master field names | O4: missing | P4: r/o | Q4: t/dd
B5: 1 | C5: TIP ID (as assigned in eTIP): | L5: CFP ID | O5: =IF(D5="",1,0) -> 1 | P5: r | Q5: t
B6: 2 | C6: Project Title (as entered in eTIP): | L6: Title | O6: =IF(D6="",1,0) -> 1 | P6: r | Q6: t
C8: Project Information
B9: 3 | C9: Indicate the current status of the bicycle environment where the proposed facility will be constructed. Are bike lanes present? If so, give width. | L9: Bike Env | O9: =IF(D9="",1,0) -> 1 | P9: r | Q9: t
B10: 4 | C10: Indicate the connectivity of bikeways resulting from the project: | D10: Pick One | L10: Bike Connect | O10: =IF(D10="Pick One",1,0) -> 1 | P10: r | Q10: d
B11: 5 | C11: Describe how the proposed bicycle facility integrates with transit service | L11: Bike-Transit | O11: =IF(D11="",1,0) -> 1 | P11: r | Q11: t
B12: 6 | C12: Provide the following for the road(s) of the facility or adjoining to the off-road facility (use separate columns for multiple roads and provide road name). For more than 4 segments, check here and go to the Additional Information worksheet to add more segments. | D12: Road Segment 1 | E12: Road Segment 2 | F12: Road Segment 3 | G12: Road Segment 4 | J12: FALSE | L12: Bike-More Segs
C14: Road Segment Name: | L14: <Seg #> Name | O14: =IF(D14="",1,0) -> 1 | P14: r | Q14: t
C15: Traffic volumes (AADT): | L15: <Seg #> AADT | O15: =IF(D15="",1,0) -> 1 | P15: r | Q15: t
C16: # of Thru Lanes: | L16: <Seg #> Lanes | O16: =IF(D16="",1,0) -> 1 | P16: r | Q16: t
C17: Lane Width (ft): | L17: <Seg #> Width | O17: =IF(D17="",1,0) -> 1 | P17: r | Q17: t
C18: Width of Outside Paved Shoulder (ft): | L18: <Seg #> Shoulder | O18: =IF(D18="",1,0) -> 1 | P18: r | Q18: t
C19: Speed Limit (mph): | L19: <Seg #> Speed | O19: =IF(D19="",1,0) -> 1 | P19: r | Q19: t
B20: 7 | C20: Is the project identified in an approved or adopted plan? | D20: Yes/No | L20: In plan | O20: =IF(D20="yes/no",1,0) -> 1 | P20: r | Q20: d
B21: 8 | C21: Provide a web link to the plan document: | L21: Plan link | O21: =IF(D21="",1,0) -> 1 | P21: o | Q21: t
B22: 9 | C22: On what page(s) of the plan can the project be found or referenced? | L22: Plan page | O22: =IF(D22="",1,0) -> 1 | P22: o | Q22: t
C24: Additional Information | L24: Long Desc | O24: =IF(D25="",1,0) -> 1 | P24: o | Q24: t
B25: 10 | C25: Project Description (provide additional details on the project): Use this space to provide additional description not entered in eTIP, or to indicate the file name of any narrative that is attached in eTIP.
B28: THIS WORKSHEET ENDS HERE | O28: Row Labels | P28: Sum of missing
O29: o | P29: 4
O30: t | P30: 4
O31: r | P31: 13
O32: d | P32: 2
O33: t | P33: 11
O34: (blank)
O35: (blank)
O36: Grand Total | P36: 17
O40: Blank required fill-ins: | P40: =SUM(O5:O6,O9,O11,O14:O19) -> 10
O41: Missing drop-downs: | P41: =SUM(O10,O20) -> 2
P42: =SUM(P40:P41) -> 12
O44: Missing opt fill-ins: | P44: =SUM(O24,O21,O22) -> 3
P45: =SUM(P44:P44) -> 3

Sheet Bike Ped Barrier Elimination
C1: STP Shared Fund Bicycle and Pedestrian Barrier Elimination Projects
C2: Complete the questions.
L3: CMAP Use Only - Hide these columns
C4: Project Identification | L4: checkbox values | N4: master field names | Q4: missing | R4: r/o | S4: t/dd
B5: 1 | C5: TIP ID (as assigned in eTIP): | N5: CFP ID | Q5: =IF(D5="",1,0) -> 1 | R5: r | S5: t
B6: 2 | C6: Project Title (as entered in eTIP): | N6: Title | Q6: =IF(D6="",1,0) -> 1 | R6: r | S6: t
C8: Resilience Planning Factor
B9: 3 | C9: Is the project on the TRIP priority project list? | D9: Yes/No | N9: TRIP | Q9: =IF(D9="Yes/No",1,0) -> 1 | R9: r | S9: dd
C10: If yes, please enter the project ID and name as specified on Table 9 or Table 10. | N10: Priority ID/Name | Q10: =IF(D10="",1,0) -> 1 | R10: o | S10: t
B11: 4 | C11: What is the level of vulnerability at this location? Please enter the highest asset exposure score within the project boundary. Asset exposure scores can be obtained from the TRIP Risk-based Vulnerability Assessment Data Viewer (link below). Project sponsors can provide their own climate hazard exposure information to be considered where data does not exist or if the TRIP score deviates from known events. | N11: Vulnerability | Q11: =IF(D11="",1,0) -> 1 | R11: o | S11: t
C12: https://cmapgis.maps.arcgis.com/apps/mapviewer/index.html?webmap=08a4d59480b14660ad9f375306677ee9
B13: 5 | C13: Does the project incorporate resilience elements? (If yes, answer the following questions detailing the resilience elements.) | D13: Yes/No | N13: Project Impact | Q13: =IF(D13="Yes/No",1,0) -> 1 | R13: r | S13: dd
C14: To what extent does the project protect transportation assets from extreme weather events and climate hazards? Please describe the resilience elements featured in the project and how they will mitigate the vulnerability. | N14: Risk Mitigation | Q14: =IF(D14="",1,0) -> 1 | R14: o | S14: t
C15: How well does the project integrate green or gray infrastructure solutions for long-term resilience? Please specify if the project includes nature-based solutions, structural solutions, or both. | N15: Nature-Structtural | Q15: =IF(D15="",1,0) -> 1 | R15: o | S15: t
C16: Does the project modernize assets to reflect or go beyond standard design requirements to build resilience and future climate adaptation? If yes, please specify how the project will exceed design standards. | N16: Modernization | Q16: =IF(D16="",1,0) -> 1 | R16: o | S16: t
C17: Does the project provide additional co-benefits beyond resilience, such as improvements in air quality, water quality, or ecosystem health? If yes, please specify the co-benefits provided by the project. | N17: Environmental Benefits | Q17: =IF(D17="",1,0) -> 1 | R17: o | S17: t
C19: Universal Mobility Planning Factor
B20: 6 | C20: Select all of the design elements that are included in this project application and provide the quantity or centerline mile length. | E20: Quantity or Centerline Miles | H20: Type
C21: Completes bike/ped gap to key destination (essential services, medical, grocery, school, etc.) (areas considered as urban districts) | H21: quantity | L21: FALSE | N21: UM BP Gap Urban
C22: Completes bike/ped gap to key destination (essential services, medical, grocery, school, etc.) (areas that are not considered as urban districts) | H22: quantity | L22: FALSE | N22: UM BP Gap Other
C23: Connects accessible transit boarding pads to sidewalk network | H23: quantity | L23: FALSE | N23: UM Access Transit
C24: Constructs curb/barrier protected or elevated bike lane | H24: linear | L24: FALSE | N24: UM Protect Bike
C25: Constructs multi-use path | H25: linear | L25: FALSE | N25: UM Multi-Use
C26: Constructs one lane roundabout/mini roundabout with multimodal facilities | H26: quantity | L26: FALSE | N26: UM Mini RB
C27: Constructs new sidewalks (4’) on both sides of the road | H27: linear | L27: FALSE | N27: UM New SW Both
C28: Constructs new sidewalks (4’) on one side of the road | H28: linear | L28: FALSE | N28: UM New SW One
C29: Implements accessible pedestrian signals (APS) | H29: quantity | L29: FALSE | N29: UM Acess Ped Signal
C30: Implements protected intersection | H30: quantity | L30: FALSE | N30: UM Protect Inter
C31: Implements marked/striped bike lane (both sides) | H31: linear | L31: FALSE | N31: UM Striped Bike
C32: Implements speed reduction in locations with activity generators (essential services, medical, grocery, school, etc.) | H32: binary | L32: FALSE | N32: UM Speed Reduction
... C44: Installs detectable warning surfaces/directional indicators leading to a crosswalk | H44: binary | L44: FALSE | N44: UM Detect Surf
C45: Other - write-ins subject to CMAP approval | L45: FALSE | N45: UM Other
C47: All Barriers
B48: 7 | C48: Is the project mapped accurately in eTIP? | D48: Yes/No | N48: eTIP map | Q48: =IF(D48="Yes/No",1,0) -> 1 | R48: r | S48: dd
C49: If no, list the file name of the location map attached in eTIP and briefly describe the location here: | N49: map file | Q49: =IF(D49="",1,0) -> 1 | R49: o | S49: t
B50: 8 | C50: List any public or private schools (serving students in grades K-12) within 1 mile of the project location. If none, enter "none": | N50: schools | Q50: =IF(D50="",1,0) -> 1 | R50: r | S50: t
B51: 9 | C51: Select the Regional Greenways and Trails Plan (RGTP) connectivity: | D51: Pick One | N51: RGTP connect | Q51: =IF(D51="Pick One",1,0) -> 1 | R51: r | S51: dd
C52: List the regional trail(s) applicable to the above selection: | N52: RGTP trails | Q52: =IF(D52="",1,0) -> 1 | R52: o | S52: t
C54: Railroad Barriers Only
B55: 10 | C55: List the train line(s) that will be crossed: | N55: train lines | Q55: =IF(D55="",1,0) -> 1 | R55: o | S55: t
C56: List the crossing location (road name or distance/direction/name of nearest existing road crossing): | N56: train xing | Q56: =IF(D56="",1,0) -> 1 | R56: o | S56: t
C58: Road Barriers Only
B59: 11 | C59: Name of street(s) that is the barrier: | N59: street name | Q59: =IF(D59="",1,0) -> 1 | R59: o | S59: t
C61: Water Barriers Only
B62: 12 | C62: List the body of water that will be crossed: | N62: water body | Q62: =IF(D62="",1,0) -> 1 | R62: o | S62: t
C63: Identify the nearest crossing (either direction) with adequate bike/ped infrastructure that crosses the water body: | N63: nearest water xing | Q63: =IF(D63="",1,0) -> 1 | R63: o | S63: t
C64: Name(s) of any file(s) attached in eTIP showing project and nearest crossing locations: | N64: crossing file | Q64: =IF(D64="",1,0) -> 1 | R64: o | S64: t
C66: Additional Information
B67: 13 | C67: Use this space to provide additional description not entered in eTIP, additional information not entered above, or to indicate the file name of any narrative description that is attached in eTIP. | N67: Long desc | Q67: =IF(D67="",1,0) -> 1 | R67: o | S67: t
B70: THIS WORKSHEET ENDS HERE
N71: Blank required fill-ins: | O71: =SUM(Q5:Q6,Q50) -> 3
N72: Missing drop-downs: | O72: =SUM(Q9,Q13,Q20,Q48,Q51) -> 4
O73: =SUM(O71:O72) -> 7
N75: Missing opt fill-ins: | O75: =SUM(Q9,Q21,Q45,Q49,Q52,Q55,Q56,Q59,Q62,Q63,Q64,Q67) -> 10
O76: =SUM(O75:O75) -> 10

Sheet Bridge Projects
C1: STP Shared Fund Bridge Rehabilitation or Reconstruction Projects
C2: Complete the questions.
L3: CMAP Use Only - Hide these columns
C4: Project Identification | L4: checkbox values | N4: master field names | Q4: missing | R4: r/o | S4: t/dd
B5: 1 | C5: TIP ID (as assigned in eTIP): | N5: CFP ID | Q5: =IF(D5="",1,"0") -> 1 | R5: r | S5: t
B6: 2 | C6: Project Title (as entered in eTIP): | N6: Title | Q6: =IF(D6="",1,"0") -> 1 | R6: r | S6: t
C8: Universal Mobility Planning Factor
B9: 3 | C9: Select all of the design elements that are included in this project application and provide the quantity or centerline mile length. | E9: Quantity or Centerline Miles | G9: Type
C10: Completes bike/ped gap to key destination (essential services, medical, grocery, school, etc.) (areas considered as urban districts) | G10: quantity | L10: FALSE | N10: UM BP Gap Urban
C11: Completes bike/ped gap to key destination (essential services, medical, grocery, school, etc.) (areas that are not considered as urban districts) | G11: quantity | L11: FALSE | N11: UM BP Gap Other
C12: Connects accessible transit boarding pads to sidewalk network | G12: quantity | L12: FALSE | N12: UM Access Transit
C13: Constructs curb/barrier protected or elevated bike lane | G13: linear | L13: FALSE | N13: UM Protect Bike
C14: Constructs multi-use path | G14: linear | L14: FALSE | N14: UM Multi-Use
C15: Constructs one lane roundabout/mini roundabout with multimodal facilities | G15: quantity | L15: FALSE | N15: UM Mini RB
C16: Constructs new sidewalks (4’) on both sides of the road | G16: linear | L16: FALSE | N16: UM New SW Both
C17: Constructs new sidewalks (4’) on one side of the road | G17: linear | L17: FALSE | N17: UM New SW One
C18: Implements accessible pedestrian signals (APS) | G18: quantity | L18: FALSE | N18: UM Acess Ped Signal
C19: Implements protected intersection | G19: quantity | L19: FALSE | N19: UM Protect Inter
C20: Implements marked/striped bike lane (both sides) | G20: linear | L20: FALSE | N20: UM Striped Bike
C21: Implements speed reduction in locations with activity generators (essential services, medical, grocery, school, etc.) | G21: binary | L21: FALSE | N21: UM Speed Reduction
... C33: Installs detectable warning surfaces/directional indicators leading to a crosswalk | G33: binary | L33: FALSE | N33: UM Detect Surf
C34: Other - write-ins subject to CMAP approval | L34: FALSE | N34: UM Other
C36: Freight Planning Factor
B37: 4 | C37: Sponsor/local jurisdiction has an online truck permitting program? | D37: Yes/No | N37: Truck permitting | Q37: =IF(D37="Yes/No",1,0) -> 1 | R37: r | S37: d
C38: If yes, please provide a link to the web page: | N38: Truck perm link | Q38: =IF(D38="",1,"0") -> 1 | R38: o | S38: t
C39: Sponsor/local jurisdiction has one or more delivery management policies? | D39: Yes/No | N39: delivery policy | Q39: =IF(D39="Yes/No",1,0) -> 1 | R39: r | S39: d
C40: If yes, please provide a link to the policies (if the document is not available online, enter "see eTIP" and the file name of the document attached (pdf or Word format only) to the eTIP application): | N40: delivery pol link | Q40: =IF(D40="",1,"0") -> 1 | R40: o | S40: t
C41: Sponsor has completed/participated in a truck routing study? | D41: Yes/No | N41: routing study | Q41: =IF(D41="Yes/No",1,0) -> 1 | R41: r | S41: d
C42: If yes, please provide a link to the study results (if not available online, enter "see eTIP" and the file name of the document attached (pdf or Word format only) to the eTIP application): | N42: routing link | Q42: =IF(D42="",1,"0") -> 1 | R42: o | S42: t
C43: Sponsor has completed a systematic review of truck restrictions within their jurisdiction? | D43: Yes/No | N43: restrictions review | Q43: =IF(D43="Yes/No",1,0) -> 1 | R43: r | S43: d
C44: If yes, please provide a link to the review results (if not available online, enter "see eTIP" and the file name of the document attached (pdf or Word format only) to the eTIP application): | N44: restrictions link | Q44: =IF(D44="",1,"0") -> 1 | R44: o | S44: t
C45: The project is identified in a local, county, or regional freight mobility plan? | D45: Yes/No | N45: freight plan | Q45: =IF(D45="Yes/No",1,0) -> 1 | R45: r | S45: d
C46: If yes, please provide a link to the plan (if not available online, enter "see eTIP" and the file name of the document attached (pdf or Word format only) to the eTIP application): | N46: freight plan link | Q46: =IF(D46="",1,"0") -> 1 | R46: o | S46: t
C47: Have you submitted a Class I or Class II Truck Route designation request to IDOT within the last two years? | D47: Yes/No | N47: new tk rte des | Q47: =IF(D47="Yes/No",1,0) -> 1 | R47: r | S47: d
C48: If yes, please attach a copy of the request and/or IDOT's response in eTIP, and indicate the file name of the document attached (pdf or Word format only) to the eTIP application: | N48: tk rte des file | Q48: =IF(D48="",1,"0") -> 1 | R48: o | S48: t
C50: Structure Information and Project Scope
B51: 5 | C51: For each individual structure that is included in the project, provide the following. For projects involving more than 6 structures, check here and go to the Additional Information worksheet to add more structures. | D51: Structure 1 | E51: Structure 2 | F51: Structure 3 | G51: Structure 4 | H51: Structure 5 | I51: Structure 6 | L51: FALSE | N51: More structures
C53: NBI Structure Number: | M53: <St#> | N53: Structure | Q53: =IF(D53="",1,"0") -> 1 | R53: r | S53: t | T53: Ave suff
C54: NBI Sufficiency Rating (see application booklet for web link): | M54: <St#> | N54: Sufficiency | Q54: =IF(D54="",1,"0") -> 1 | R54: r | S54: t | T54: =IFERROR(IF(L51=TRUE,AVERAGE('Additional Information'!D16:I16,'Bridge Projects'!D54:I54),AVERAGE(D54:I54)),0) -> 0
C55: If there is no sufficiency rating listed, has an inspection been completed within the last 5 years? If yes, attach a copy of the inspection report in eTIP. | D55: Yes/No | E55: Yes/No | F55: Yes/No | G55: Yes/No | H55: Yes/No | I55: Yes/No | M55: <St#> | N55: Insp Rep | Q55: =IF(D55="Yes/No",1,0) -> 1 | R55: o | S55: d
B56: 6 | C56: Current load posting level (NBI Item 70) | D56: Pick One | E56: Pick One | F56: Pick One | G56: Pick One | H56: Pick One | I56: Pick One | M56: <St#> | N56: Current Load | Q56: =IF(D56="Pick One",1,0) -> 1 | R56: r | S56: d
C57: Anticipated load posting level after project completion (if not fully replacing) | D57: Pick One | E57: Pick One | F57: Pick One | G57: Pick One | H57: Pick One | I57: Pick One | M57: <St#> | N57: Anticipated Load | Q57: =IF(D57="Pick One",1,0) -> 1 | R57: r | S57: d
B58: 7 | C58: Indicate the work to be done on each structure: | D58: Structure 1 | E58: Structure 2 | F58: Structure 3 | G58: Structure 4 | H58: Structure 5 | I58: Structure 6
C59: Full replacement of entire structure (deck, substructure, and superstructure) | D59: Yes/No | E59: Yes/No | F59: Yes/No | G59: Yes/No | H59: Yes/No | I59: Yes/No | M59: <St#> | N59: Full Str Rep | Q59: =IF(D59="Yes/No",1,0) -> 1 | R59: r | S59: d
C60: Deck | D60: Pick One | E60: Pick One | F60: Pick One | G60: Pick One | H60: Pick One | I60: Pick One | M60: <St#> | N60: Deck Work | Q60: =IF(D60="Pick One",1,0) -> 1 | R60: r | S60: d
C61: Substructure | D61: Pick One | E61: Pick One | F61: Pick One | G61: Pick One | H61: Pick One | I61: Pick One | M61: <St#> | N61: Sub Work | Q61: =IF(D61="Pick One",1,0) -> 1 | R61: r | S61: d
C62: Superstructure | D62: Pick One | E62: Pick One | F62: Pick One | G62: Pick One | H62: Pick One | I62: Pick One | M62: <St#> | N62: Super Work | Q62: =IF(D62="Pick One",1,0) -> 1 | R62: r | S62: d
C63: Culvert (if applicable) | D63: Pick One | E63: Pick One | F63: Pick One | G63: Pick One | H63: Pick One | I63: Pick One | M63: <St#> | N63: Culvert Work | Q63: =IF(D63="Pick One",1,0) -> 1 | R63: r | S63: d
B64: 8 | C64: Will the average lane width be increased due to this project? | D64: Yes/No | E64: Yes/No | F64: Yes/No | G64: Yes/No | H64: Yes/No | I64: Yes/No | M64: <St#> | N64: Inc Ln Widths | Q64: =IF(D64="Yes/No",1,0) -> 1 | R64: r | S64: d
C65: If yes, average lane width after project completion (ft.) | M65: <St#> | N65: After Ln Widths | Q65: =IF(D65="",1,"0") -> 1 | R65: o | S65: t
C66: If lane widths will be insufficient after completion of the project, has a design exception been approved during phase 1 or phase 2 engineering? | D66: Yes/No | E66: Yes/No | F66: Yes/No | G66: Yes/No | H66: Yes/No | I66: Yes/No | M66: <St#> | N66: Ln Width DE | Q66: =IF(D66="Yes/No",1,0) -> 1 | R66: o | S66: d
B67: 9 | C67: Upon completion of the project, will each of the below safety features meet currently acceptable standards? If no, has a design exception been approved during phase 1 or phase 2 engineering? | D67: Structure 1 | E67: Structure 2 | F67: Structure 3 | G67: Structure 4 | H67: Structure 5 | I67: Structure 6 | M67: <St#>
C68: Bridge railings | D68: Pick One | E68: Pick One | F68: Pick One | G68: Pick One | H68: Pick One | I68: Pick One | M68: <St#> | N68: Railings | Q68: =IF(D68="Pick One",1,0) -> 1 | R68: r | S68: d
C69: Transitions | D69: Pick One | E69: Pick One | F69: Pick One | G69: Pick One | H69: Pick One | I69: Pick One | M69: <St#> | N69: Transitions | Q69: =IF(D69="Pick One",1,0) -> 1 | R69: r | S69: d
C70: Approach guardrail | D70: Pick One | E70: Pick One | F70: Pick One | G70: Pick One | H70: Pick One | I70: Pick One | M70: <St#> | N70: Guardrails | Q70: =IF(D70="Pick One",1,0) -> 1 | R70: r | S70: d
C71: Approach guardrail ends | D71: Pick One | E71: Pick One | F71: Pick One | G71: Pick One | H71: Pick One | I71: Pick One | M71: <St#> | N71: Ends | Q71: =IF(D71="Pick One",1,0) -> 1 | R71: r | S71: d
C73: Additional Information
B74: 10 | C74: Use this space to provide additional description not entered in eTIP, additional information not entered above, or to indicate the file name of any narrative description that is attached in eTIP. | N74: Long desc | Q74: =IF(D74="",1,"0") -> 1 | R74: o | S74: t
B77: THIS WORKSHEET ENDS HERE | N77: Blank required fill-ins: | O77: =SUM(Q5:Q6,Q53:Q54) -> 4 | Q77: Row Labels | R77: Sum of missing
N78: Missing drop-downs: | O78: =SUM(Q37,Q39,Q41,Q43,Q45,Q47,Q56,Q57,Q59,Q60:Q64,Q68:Q71) -> 18 | Q78: o | R78: 22
O79: =SUM(O77:O78) -> 22 | Q79: d | R79: 11
Q80: t | R80: 11
N81: Missing opt fill-ins: | O81: =SUM(Q38,Q40,Q42,Q44,Q46,Q48,Q65,Q74) -> 8 | Q81: r | R81: 23
N82: Missing opt drop-downs | O82: =SUM(Q66,Q55) -> 2 | Q82: d | R82: 19
O83: =SUM(O81:O82) -> 10 | Q83: t | R83: 4
Q84: (blank)
Q85: (blank)
Q86: Grand Total | R86: 45

Sheet Demonstration Projects
C1: CMAQ Demonstration Projects
C2: Contact CMAP staff before submitting a demonstration project.
K3: CMAP Use Only - Hide these columns
C4: Project Identification | K4: checkbox values | M4: master field names | P4: missing | Q4: r/o | R4: t/dd
B5: 1 | C5: TIP ID (as assigned in eTIP): | M5: CFP ID | P5: =IF(D5="",1,0) -> 1 | Q5: r | R5: t
B6: 2 | C6: Project Name (as entered in eTIP): | M6: Title | P6: =IF(D6="",1,0) -> 1 | Q6: r | R6: t
C8: Project Description
B9: 3 | C9: Please describe improvements, including how you expect this to benefit air quality or reduce congestion and how it can be applied to other parts of the region, etc.: | M9: Demo Imp | P9: =IF(D9="",1,0) -> 1 | Q9: r | R9: t
B10: 4 | C10: Demonstration Evaluation Plan. Describe how the project will be evaluated to determine actual emissions benefits realized. use additional pages if necessary: | M10: Demo Eval Plan | P10: =IF(D10="",1,0) -> 1 | Q10: r | R10: t
B11: 5 | C11: What are the regional applications of this project? | M11: Demo Reg App | P11: =IF(D11="",1,0) -> 1 | Q11: r | R11: t
B12: 6 | C12: Describe any other projects, either underway or completed, with which this project is related: | M12: Demo Related | P12: =IF(D12="",1,0) -> 1 | Q12: o | R12: t
B13: 7 | C13: What future projects do you anticipate resulting from this project? | M13: Demo Future | P13: =IF(D13="",1,0) -> 1 | Q13: r | R13: t
B16: THIS WORKSHEET ENDS HERE
P18: Row Labels | Q18: Sum of missing
P19: o | Q19: 2
P20: t | Q20: 2
P21: r | Q21: 7
P22: t | Q22: 7
P23: (blank)
P24: (blank)
P25: Grand Total | Q25: 9
P27: Blank required fill-ins: | Q27: =SUM(P5:P6,P9:P11,P13) -> 6
P28: Missing drop-downs: | Q28: 0
Q29: =SUM(Q27:Q28) -> 6
P31: Missing opt fill-ins: | Q31: =SUM(P12) -> 1
Q32: =SUM(Q31:Q31) -> 1

Sheet Direct Emissions Reductions
C1: CMAQ Direct Emissions Reduction Projects
C2: Complete the questions and provide the relevant vehicle and technology data under question 7.
U3: CMAP Use Only - Hide these columns
C4: Project Identification | U4: checkbox values | W4: master field names | Z4: missing | AA4: r/o | AB4: t/dd
B5: 1 | C5: TIP ID (as assigned in eTIP): | W5: CFP ID | Z5: =IF(F5="",1,0) -> 1 | AA5: r | AB5: t
B6: 2 | C6: Project Title (as entered in eTIP): | W6: Title | Z6: =IF(F6="",1,0) -> 1 | AA6: r | AB6: t
B9: 3 | C9: Total number of vehicles in this application | W9: Total Vehiclces | Z9: =IF(F9="",1,0) -> 1 | AA9: r | AB9: t
B10: 4 | C10: What area(s) will the vehicle(s) be in service? | W10: Service Area | Z10: =IF(F10="",1,0) -> 1 | AA10: r | AB10: t
B11: 5 | C11: Ridership Demographics (if vehicles are for transit service)
C12: % over 65 in age | W12: % over 65 | Z12: =IF(F12="",1,0) -> 1 | AA12: o | AB12: t
C13: % under 5 in age | W13: % under 5 | Z13: =IF(F13="",1,0) -> 1 | AA13: o | AB13: t
C14: median household income | W14: median income | Z14: =IF(F14="",1,0) -> 1 | AA14: o | AB14: t
C15: % minority | W15: % minority | Z15: =IF(F15="",1,0) -> 1 | AA15: o | AB15: t
C18: Additional Information
B19: 6 | C19: Use this space to provide additional description not entered in eTIP, additional information not entered above, or to indicate the file name of any narrative description that is attached in eTIP. | W19: Addl info | Z19: =IF(F19="",1,0) -> 1 | AA19: o | AB19: t
C21: Vehicle Information
B22: 7 | C22: Please complete the fields below, using one line for each group of vehicles (type, engine, technology, etc.). For more than 20 vehicle types, check here and go to the Additional Information worksheet to add more vehicles. | U22: FALSE | W22: More Vehicles
C24: Vehicle Type | D24: Vehicle Size | E24: Horsepower | F24: Number of Vehicles | G24: Current Vehicle Model Year | H24: Upgrade Year | I24: Fuel Type Before Upgrade | J24: Fuel Type After Upgrade | K24: Annual Miles per Vehicle Before Upgrade | L24: Annual Miles per Vehicle After Upgrade | M24: Annual Idling Hours Before Upgrade | N24: Annual Idling Hours After Upgrade | O24: Technology Applied | P24: Expected Remaining Life of Vehicles Being Replaced | Q24: Hours per Day of Operation | R24: Days per Year of Operation
Z25: =IF(Table6[[#This Row],[Vehicle Type]]="",1,0) -> 1 | AA25: r | AB25: t
B47: THIS WORKSHEET ENDS HERE
Z49: Row Labels | AA49: Sum of missing
Z50: o | AA50: 6
Z51: t | AA51: 6
Z52: r | AA52: 6
Z53: t | AA53: 6
Z54: (blank)
Z55: (blank)
Z56: Grand Total | AA56: 12
Z58: Blank required fill-ins: | AA58: =SUM(Z25,Z9:Z10,Z5:Z6) -> 5
Z59: Missing drop-downs: | AA59: 0
AA60: =SUM(AA58:AA59) -> 5
Z62: Missing opt fill-ins: | AA62: =SUM(Z19,Z12:Z15) -> 5
AA63: =SUM(AA62:AA62) -> 5

Sheet Other Projects
C1: CMAQ Other Projects
C2: Other projects present the challenge of collecting data that will allow for emissions benefits to be calculated. Not all of the questions below will pertain to your application. Please provide additional information that you think will help staff evaluate the application. Your project should either help eliminate/divert single-occupancy-vehicle trips (SOV) or helps to reduce congestion of existing traffic. | J2: CMAP Use Only - Hide these columns
J3: checkbox values | L3: master field names | O3: missing | P3: r/o | Q3: t/dd
B4: 1 | C4: TIP ID (as assigned in eTIP): | L4: CFP ID | O4: =IF(D4="",1,0) -> 1 | P4: r | Q4: t
B5: 2 | C5: Project Title (as entered in eTIP): | L5: Title | O5: =IF(D5="",1,0) -> 1 | P5: r | Q5: t
B6: 3 | C6: Auto trips eliminated per day (round trips): | L6: Auto Trip Ellim | O6: =IF(D6="",1,0) -> 1 | P6: r | Q6: t
B7: 4 | C7: Length of auto trips eliminated (one-way miles to the nearest tenth): | L7: Trip Len | O7: =IF(D7="",1,0) -> 1 | P7: r | Q7: t
B8: 5 | C8: Auto trips diverted to the new facility (round trips): | L8: Auto Trips Div | O8: =IF(D8="",1,0) -> 1 | P8: r | Q8: t
B9: 6 | C9: Line-haul length of trips diverted (one-way miles to the nearest tenth): | L9: Line-Haul Trips Div | O9: =IF(D9="",1,0) -> 1 | P9: r | Q9: t
B10: 7 | C10: Affected days per year: | L10: Days/Yr | O10: =IF(D10="",1,0) -> 1 | P10: r | Q10: t
B11: 8 | C11: Project life (years): | L11: Proj Life | O11: =IF(D11="",1,0) -> 1 | P11: r | Q11: t
B12: 9 | C12: Current traffic volume (ADT – indicate year): | L12: ADT | O12: =IF(D12="",1,0) -> 1 | P12: r | Q12: t
B13: 10 | C13: Utilization rate (percent): | L13: Utilization Rate | O13: =IF(D13="",1,0) -> 1 | P13: r | Q13: t
B14: 11 | C14: Describe method used to estimate benefits. Provide basis for parameters used to estimate benefits (e.g., diversion rate, auto occupancy, trip length): | L14: Est method | O14: =IF(D14="",1,0) -> 1 | P14: r | Q14: t
B15: 12 | C15: Use this space to provide additional description not entered in eTIP, additional information not entered above, or to indicate the file name of any narrative description that is attached in eTIP. | L15: Addl Info | O15: =IF(D15="",1,0) -> 1 | P15: o | Q15: t
B17: THIS WORKSHEET ENDS HERE
O18: Row Labels | P18: Sum of missing
O19: o | P19: 2
O20: t | P20: 2
O21: r | P21: 12
O22: t | P22: 12
O23: (blank)
O24: (blank)
O25: Grand Total | P25: 14
O27: Blank required fill-ins: | P27: =SUM(O4:O14) -> 11
O28: Missing drop-downs: | P28: 0
P29: =SUM(P27:P28) -> 11
O31: Missing opt fill-ins: | P31: =SUM(O15) -> 1
P32: =SUM(P31:P31) -> 1

Sheet Rail-Hwy Crossings
C1: STP Highway-Rail Grade Crossing Improvement Projects
C2: Complete the questions.
L3: CMAP Use Only - Hide these columns
L4: checkbox values | N4: master field names
C5: Project Identification | Q5: missing | R5: r/o | S5: t/dd
B6: 1 | C6: TIP ID (as assigned in eTIP): | N6: CFP ID | Q6: =IF(D6="",1,"0") -> 1 | R6: r | S6: t
B7: 2 | C7: Project Title (as entered in eTIP): | N7: Title | Q7: =IF(D7="",1,"0") -> 1 | R7: r | S7: t
C9: Universal Mobility Planning Factor
B10: 3 | C10: Select all of the design elements that are included in this project application and provide the quantity or centerline mile length. | E10: Quantity or Centerline Miles | G10: Type
C11: Completes bike/ped gap to key destination (essential services, medical, grocery, school, etc.) (areas considered as urban districts) | G11: quantity | L11: FALSE | N11: UM BP Gap Urban
C12: Completes bike/ped gap to key destination (essential services, medical, grocery, school, etc.) (areas that are not considered as urban districts) | G12: quantity | L12: FALSE | N12: UM BP Gap Other
C13: Connects accessible transit boarding pads to sidewalk network | G13: quantity | L13: FALSE | N13: UM Access Transit
C14: Constructs curb/barrier protected or elevated bike lane | G14: linear | L14: FALSE | N14: UM Protect Bike
C15: Constructs multi-use path | G15: linear | L15: FALSE | N15: UM Multi-Use
C16: Constructs one lane roundabout/mini roundabout with multimodal facilities | G16: quantity | L16: FALSE | N16: UM Mini RB
C17: Constructs new sidewalks (4’) on both sides of the road | G17: linear | L17: FALSE | N17: UM New SW Both
C18: Constructs new sidewalks (4’) on one side of the road | G18: linear | L18: FALSE | N18: UM New SW One
C19: Implements accessible pedestrian signals (APS) | G19: quantity | L19: FALSE | N19: UM Acess Ped Signal
C20: Implements protected intersection | G20: quantity | L20: FALSE | N20: UM Protect Inter
C21: Implements marked/striped bike lane (both sides) | G21: linear | L21: FALSE | N21: UM Striped Bike
C22: Implements speed reduction in locations with activity generators (essential services, medical, grocery, school, etc.) | G22: binary | L22: FALSE | N22: UM Speed Reduction
... C34: Installs detectable warning surfaces/directional indicators leading to a crosswalk | G34: binary | L34: FALSE | N34: UM Detect Surf
C35: Other - write-ins subject to CMAP approval | L35: FALSE | N35: UM Other
C37: Resilience Planning Factor
B38: 4 | C38: Is the project on the TRIP priority project list? | D38: Yes/No | N38: TRIP | Q38: =IF(D38="Yes/No",1,0) -> 1 | R38: r | S38: d
C39: If yes, please enter the project ID and name as specified on Table 9 or Table 10. | N39: Priority ID/Name | Q39: =IF(D39="",1,"0") -> 1 | R39: o | S39: t
B40: 5 | C40: What is the level of vulnerability at this location? Please enter the highest asset exposure score within the project boundary. Asset exposure scores can be obtained from the TRIP Risk-based Vulnerability Assessment Data Viewer (link below). Project sponsors can provide their own climate hazard exposure information to be considered where data does not exist or if the TRIP score deviates from known events. | N40: Vulnerability | Q40: =IF(D40="",1,"0") -> 1 | R40: r | S40: d
C41: https://cmapgis.maps.arcgis.com/apps/mapviewer/index.html?webmap=08a4d59480b14660ad9f375306677ee9
B42: 6 | C42: Does the project incorporate resilience elements? (If yes, answer the following questions detailing the resilience elements.) | D42: Yes/No | N42: Project Impact | Q42: =IF(D42="Yes/No",1,0) -> 1 | R42: r | S42: d
C43: To what extent does the project protect transportation assets from extreme weather events and climate hazards? Please describe the resilience elements featured in the project and how they will mitigate the vulnerability. | N43: Risk Mitigation | Q43: =IF(D43="",1,"0") -> 1 | R43: o | S43: t
C44: How well does the project integrate green or gray infrastructure solutions for long-term resilience? Please specify if the project includes nature-based solutions, structural solutions, or both. | N44: Nature-Structtural | Q44: =IF(D44="",1,"0") -> 1 | R44: r | S44: d
C45: Does the project modernize assets to reflect or go beyond standard design requirements to build resilience and future climate adaptation? If yes, please specify how the project will exceed design standards. | N45: Modernization | Q45: =IF(D45="",1,"0") -> 1 | R45: o | S45: t
C46: Does the project provide additional co-benefits beyond resilience, such as improvements in air quality, water quality, or ecosystem health? If yes, please specify the co-benefits provided by the project. | N46: Environmental Benefits | Q46: =IF(D46="",1,"0") -> 1 | R46: o | S46: t
C48: Project Location and Scope
B49: 7 | C49: For each grade crossing location, provide the following. For projects with more than 6 crossings, check here and go to the Additional Information worksheet to add more crossings. | D49: Crossing 1 | F49: Crossing 2 | G49: Crossing 3 | H49: Crossing 4 | I49: Crossing 5 | J49: Crossing 6 | L49: FALSE | N49: More Crossings
C51: Grade crossing number: | N51: <xing #> Crossing | Q51: =IF(D51="",1,"0") -> 1 | R51: r | S51: t
C52: Does your agency have a calculation of the delay at the subject grade separation? If yes, please attach the calculation to the application in eTIP. | D52: Yes/No | F52: Yes/No | G52: Yes/No | H52: Yes/No | I52: Yes/No | J52: Yes/No | N52: <xing #> Agency delay calc | Q52: =IF(D52="Yes/No",1,0) -> 1 | R52: r | S52: d
C53: Does the project provide a full grade separation at this crossing? | D53: Yes/No | F53: Yes/No | G53: Yes/No | H53: Yes/No | I53: Yes/No | J53: Yes/No | N53: <xing #> Grade Sep | Q53: =IF(D53="Yes/No",1,0) -> 1 | R53: r | S53: d
C54: If not a full grade separation, will the project improve train movements at this crossing? | D54: Yes/No | F54: Yes/No | G54: Yes/No | H54: Yes/No | I54: Yes/No | J54: Yes/No | N54: <xing #> Imp Train Mvmt | Q54: =IF(D54="Yes/No",1,0) -> 1 | R54: o | S54: d
C55: If not a full grade separation, will the project improve the crossing (gates, signals, etc.)? | D55: Yes/No | F55: Yes/No | G55: Yes/No | H55: Yes/No | I55: Yes/No | J55: Yes/No | N55: <xing #> Imp Xing | Q55: =IF(D55="Yes/No",1,0) -> 1 | R55: o | S55: d
C57: Additional Information
B58: 8 | C58: Use this space to provide additional description not entered in eTIP, additional information not entered above, or to indicate the file name of any narrative description that is attached in eTIP. | N58: Addl Info | Q58: =IF(D58="",1,"0") -> 1 | R58: o | S58: t
B61: THIS WORKSHEET ENDS HERE | N61: Blank required fill-ins: | O61: =SUM(Q6:Q7,Q51) -> 3
N62: Missing drop-downs: | O62: =SUM(Q38,Q52,Q53) -> 3 | Q62: Row Labels | R62: Sum of missing
O63: =SUM(O61:O62) -> 6 | Q63: o | R63: 20
Q64: d | R64: 11
N65: Missing opt fill-ins: | O65: =SUM(Q40,Q39,Q43,Q45,Q58,Q44,Q46) -> 7 | Q65: t | R65: 9
N66: Missing opt drop-downs | O66: =SUM(Q54:Q55,Q42) -> 3 | Q66: r | R66: 10
O67: =SUM(O65:O66) -> 10 | Q67: d | R67: 7
Q68: t | R68: 3
Q69: (blank)
Q70: (blank)
Q71: Grand Total | R71: 30

Sheet Road Projects
C1: STP and CMAQ Road Projects
C2: This worksheet is for Intersection Improvement and Bottleneck Elimination Projects under the CMAQ program and Road Reconstruction and Road Expansion projects under the STP Shared Fund program. Green sections for all projects, yellow sections for CMAQ projects only, orange sections for STP projects only. CMAQ Signal Interconnect and Adaptive Signal Control projects should also fill out the Signal Interconnect worksheet.
C3: All Intersection Improvement and Bottleneck Elimination projects need to complete before and after Input Module worksheets for all intersections involved in the project to be considered for CMAQ funding. A blank copy of the worksheet (Word) is available on the Call for Projects page, under the Application Documents. Completed worksheets should be uploaded as attached document to the eTIP application. | L3: CMAP Use Only - Hide these columns
Q4: STP Projects | U4: CMAQ Int Imp | Y4: CMAQ Bottleneck Elim
C5: Project Identification (All Projects) | L5: checkbox values | N5: master field names | Q5: missing | R5: r/o | S5: t/dd | U5: missing | V5: r/o | W5: t/dd | Y5: missing | Z5: r/o | AA5: t/dd
B6: 1 | C6: TIP ID (as assigned in eTIP): | N6: CFP ID | Q6: =IF(D6="",1,"0") -> 1 | R6: r | S6: t | U6: =IF(D6="",1,"0") -> 1 | V6: r | W6: t | Y6: =IF(D6="",1,"0") -> 1 | Z6: r | AA6: t
B7: 2 | C7: Project Title (as entered in eTIP): | N7: Title | Q7: =IF(D7="",1,"0") -> 1 | R7: r | S7: t | U7: =IF(D7="",1,"0") -> 1 | V7: r | W7: t | Y7: =IF(D7="",1,"0") -> 1 | Z7: r | AA7: t
C9: Project Scope (CMAQ Only)
B10: 3 | C10: Will bicycle facilities be added as part of this project? | D10: Yes/No | N10: inc bike | U10: =IF(D10="Yes/No",1,0) -> 1 | V10: r | W10: d | Y10: =IF(D10="Yes/No",1,0) -> 1 | Z10: r | AA10: d
C11: If yes, please fill out the bicycle facility projects worksheet to receive credit for a CMAQ application.
B12: 4 | C12: Is this project a corridor level improvement or part of a larger corridor improvement? | D12: Yes/No | N12: corr imp | U12: =IF(D12="Yes/No",1,0) -> 1 | V12: r | W12: d | Y12: =IF(D12="Yes/No",1,0) -> 1 | Z12: r | AA12: d
C13: If yes, please provide information on the corridor. | N13: corr info | U13: =IF(D13="",1,"0") -> 1 | V13: o | W13: t | Y13: =IF(D13="",1,"0") -> 1 | Z13: o | AA13: t
B14: 5 | C14: Does the project include a physical transit improvement? | D14: Yes/No | N14: inc transit | U14: =IF(D14="Yes/No",1,0) -> 1 | V14: r | W14: d | Y14: =IF(D14="Yes/No",1,0) -> 1 | Z14: r | AA14: d
C15: If yes, please provide the types of improvements. | N15: transit imps | U15: =IF(D15="",1,"0") -> 1 | V15: o | W15: t | Y15: =IF(D15="",1,"0") -> 1 | Z15: o | AA15: t
C17: Project Scope (check all that apply) | Q17: =COUNTIF(M19:M48,TRUE) -> 0 | R17: zero means no scope | U17: =COUNTIF(M19:M48,TRUE) -> 0 | V17: zero means no scope | Y17: =COUNTIF(Q19:Q48,TRUE) -> 0 | Z17: zero means no scope
B18: 6 | C18: Intersection Type
C19: Roundabout | M19: FALSE | N19: RAB | U19: =IF(AND(M19=FALSE,M20=FALSE,M21=FALSE,M22=FALSE,M23=FALSE,M32=FALSE,M33=FALSE,M34=FALSE,M35=FALSE,M37=FALSE,M38=FALSE,M46=FALSE),1,0) -> 1
C20: Restricted Crossing U-Turn (J-Turn) | M20: FALSE | N20: J-Turn | U20: one means no appropriate scope
C21: Median U-Turn | M21: FALSE | N21: U-Turn
C22: Diverging Diamond Interchange | M22: FALSE | N22: Div Diam
C23: Conventional Intersection | M23: FALSE | N23: Convent
C24: Bottleneck Elimination
C25: Highway-Rail Grade Separation | M25: FALSE | N25: HRGS | Y25: =IF(AND(M25=FALSE,M26=FALSE,M27=FALSE,M28=FALSE,M29=FALSE,M30=FALSE),1,0) -> 1 | Z25: r | AA25: t
C26: Two-way left turn lane | M26: FALSE | N26: TWLT | Y26: one means no appropriate scope
C27: Realignment | M27: FALSE | N27: Realign
C28: Remove Obstruction | M28: FALSE | N28: Rem Obs
C29: Vertical Clearance | M29: FALSE | N29: Vert Clear
C30: Truck Route Improvement | M30: FALSE | N30: Truck Rt
C31: Turn Lanes
C32: Add Dual Left Turn Lanes | M32: FALSE | N32: Dual Left
C33: Add Single Left Turn Lanes | M33: FALSE | N33: Single Left
C34: Add Right Turn Lanes | M34: FALSE | N34: Right Turns
C35: Multiple Turn Lane Types | M35: FALSE | N35: Mult Turns
C36: Reconstruction
C37: Full intersection reconstruction | M37: FALSE | N37: Int Recon
C38: Traditional interchange reconstruction | M38: FALSE | N38: Intchg Recon
C39: Bridge reconstruction | M39: FALSE | N39: Bridge Recon
C40: Bridge rehabilitation | M40: FALSE | N40: Bridge Rehab
C41: Other reconstruction | M41: FALSE | N41: Other Recon
C42: Signals
C43: Signal modernization | M43: FALSE | N43: Sig Mod
C44: New signalization | M44: FALSE | N44: New Sig
C45: Capacity addition (only eligible for STP Shared Fund) | U45: =IF(OR(M46=TRUE,M47=TRUE,M48=TRUE),"ineligible work","ok") -> ok | V45: flag capacity | Y45: =IF(OR(M46=TRUE,M47=TRUE,M48=TRUE),"ineligible work","ok") -> ok | Z45: flag capacity
C46: New intersection(s) | M46: FALSE | N46: New Int
C47: Add travel lane(s) | M47: FALSE | N47: AL
C48: New/extended road | M48: FALSE | N48: New/Extend
C50: CMAQ Grade Separation Projects only. (STP Grade Crossing Improvement projects should complete the Grade Crossing worksheet)
B51: 7 | C51: Provide the grade crossing number(s) | N51: Xing Num | Y51: =IF(D51="",1,0) -> 1 | Z51: flag RR
B52: 8 | C52: Does your agency have a calculation of the delay at the subject grade crossing(s)? If yes, please attach the calculation to the application in eTIP. | D52: Yes/No | N52: Xing Delay Local | Y52: =IF(D52="Yes/No",1,0) -> 1 | Z52: o | AA52: d
C54: Project and Segment Characteristics (all projects except CMAQ intersection improvements)
B55: 9 | C55: What is the length of the project in miles? | N55: Proj Len | Q55: =IF(D55="",1,"0") -> 1 | R55: r | S55: t | Y55: =IF(D55="",1,"0") -> 1 | Z55: r | AA55: t
B56: 10 | C56: Do queues currently clear on the major street at signalized intersections in the pm peak period? | D56: Yes/No | N56: Queues clear PM | Q56: =IF(D56="Yes/No",1,0) -> 1 | R56: r | S56: d | Y56: =IF(D56="Yes/No",1,0) -> 1 | Z56: r | AA56: d
B57: 11 | C57: For each segment, provide the following. For projects with more than 6 crossings, check here and go to the Additional Information worksheet to add more crossings. | D57: Segment 1 | F57: Segment 2 | G57: Segment 3 | H57: Segment 4 | I57: Segment 5 | J57: Segment 6 | L57: FALSE | N57: More Road Segments
C59: Street name | N59: <seg #> street | Q59: =IF(D59="",1,"0") -> 1 | R59: r | S59: t | Y59: =IF(D59="",1,"0") -> 1 | Z59: r | AA59: t
C60: Posted speed (mph) | N60: <seg #> speed | Q60: =IF(D60="",1,"0") -> 1 | R60: r | S60: t | Y60: =IF(D60="",1,"0") -> 1 | Z60: r | AA60: t
C61: AADT (bi-directional) | N61: <seg #> AADT | Q61: =IF(D61="",1,"0") -> 1 | R61: r | S61: t | Y61: =IF(D61="",1,"0") -> 1 | Z61: r | AA61: t
C62: AADT source and year collected | N62: <seg #> AADT source | Q62: =IF(D62="",1,"0") -> 1 | R62: r | S62: t | Y62: =IF(D62="",1,"0") -> 1 | Z62: r | AA62: t
C63: % Trucks | N63: <seg #> % trucks | Q63: =IF(D63="",1,"0") -> 1 | R63: r | S63: t | Y63: =IF(D63="",1,"0") -> 1 | Z63: r | AA63: t
C64: % Trucks source and year collected | N64: <seg #> trucks source | Q64: =IF(D64="",1,"0") -> 1 | R64: r | S64: t | Y64: =IF(D64="",1,"0") -> 1 | Z64: r | AA64: t
C66: Systematic Improvements (All projects) | Q66: =COUNTIF(M67:M99,TRUE) -> 0 | R66: zero is no imp | U66: =COUNTIF(M67:M99,TRUE) -> 0 | V66: zero is no imp | Y66: =COUNTIF(M67:M99,TRUE) -> 0 | Z66: zero is no imp
B67: 12 | C67: Integrated corridor management | M67: FALSE | N67: int cor mgmt
C68: Work zone management (traveler information improvements) | M68: FALSE | N68: wk zn mgmt
C69: Truck travel information systems | M69: FALSE | N69: tk trav info
C70: Strategies to improve transit on-time performance | M70: FALSE | N70: transit on-time
C71: Ramp metering | M71: FALSE | N71: ramp meter
C72: Road weather management systems | M72: FALSE | N72: weather mgmt
C73: Special event management | M73: FALSE | N73: event mgmt
C74: Traffic signal interconnect | M74: FALSE | N74: sig int
C75: Adaptive signal control | M75: FALSE | N75: adpt sig
C76: Spot Improvements (CMAQ projects only)
C77: Highway-rail grade separation (>10K AADT + >10K annual minutes of delay lasting >10 minutes) | M77: FALSE | N77: HRGS >10k
C78: Highway-rail grade separation (>5K AADT + >5K annual minutes of delays lasting > 10 minutes) | M78: FALSE | N78: HRGS >5k
C79: Highway-rail grade separation in ICC top 20 delay list | M79: FALSE | N79: HRGS top 20
C80: Other highway-rail grade separation | M80: FALSE | N80: HRGS oth
C81: Access management strategy | M81: FALSE | N81: Access mgmt
C82: Implementation of effective crash reduction strategy | M82: FALSE | N82: crash red
C83: Incident Detection (all projects)
C84: Traffic Management Center (TMC) to TMC Communications | M84: FALSE | N84: TMC comms
C85: Computer-aided dispatch (911 call center) to (TMC) communications | M85: FALSE | N85: 911 to TMC
C86: Extension or improvement of real-time traffic surveillance on regional expressways and tollways, including video and detectors | M86: FALSE | N86: Toll video surv
C87: Integration of real-time probe data into incident detection procedures | M87: FALSE | N87: Probe inc det
C88: Establishment of detector health program | M88: FALSE | N88: detect health
C89: Incident Response (all projects)
C90: Expansion of response operations capabilities (e.g., minutemen) | M90: FALSE | N90: minutemen
C91: Dispatch improvements, including center-to-operator and supervisor-to-operator communications (including supervisor-bus communications) | M91: FALSE | N91: dispatch imp
C92: Response equipment (e.g., minuteman vehicles) | M92: FALSE | N92: resp equip
C93: Incident Recovery (all projects)
C94: Expediting coroner’s/medical examiner’s accident investigation process | M94: FALSE | N94: expidite ME
C95: Dynamic message signs (DMS, multiple, including arterial DMS) | M95: FALSE | N95: DMS
C96: Incident-responsive ramp meters | M96: FALSE | N96: inc ramp meters
C97: Speed Management Systems | M97: FALSE | N97: speed mgmt
C98: On-scene communication, coordination, and cooperation | M98: FALSE | N98: on scene comms
C99: Development and improvement of highway closure detour routes | M99: FALSE | N99: closure detours
C101: Safety Improvements (all projects)
B102: 13 | C102: Is there a safety issue(s) at this location that will be addressed by the proposed project through improving the geometry or physical condition of the road/intersection? | D102: Yes/No | N102: Safety imps | Q102: =IF(D102="Yes/No",1,0) -> 1 | R102: r | S102: d | U102: =IF(D102="Yes/No",1,0) -> 1 | V102: r | W102: d | Y102: =IF(D102="Yes/No",1,0) -> 1 | Z102: r | AA102: d
C103: If yes above, complete the Safety worksheet.
C105: Planning Factors (STP projects only)
C106: Universal Mobility Planning Factor
B107: 14 | C107: Select all of the design elements that are included in this project application and provide the quantity or centerline mile length. | E107: Quantity or Centerline Miles | G107: Type
C108: Completes bike/ped gap to key destination (essential services, medical, grocery, school, etc.) (areas considered as urban districts) | G108: quantity | L108: FALSE
...

Sheet Safety
C1: STP Shared Fund Corridor/Small Area Safety Projects and CMAQ Intersection Improvement and Bottleneck Elimination Projects
C2: Complete the questions. Green sections for all projects, yellow sections for CMAQ projects only, orange sections for STP projects only.
N3: CMAP Use Only - Hide these columns
C4: Project Identification (All Projects) | N4: checkbox values | P4: master field names | T4: missing | U4: r/o | V4: t/dd
B5: 1 | C5: TIP ID (as assigned in eTIP): | P5: CFP ID | T5: =IF(F5="",1,"0") -> 1 | U5: r | V5: t
B6: 2 | C6: Project Title (as entered in eTIP): | P6: Title | T6: =IF(F6="",1,"0") -> 1 | U6: r | V6: t
C8: High Injury Network and Systemic Risk Alignment (All Projects)
B9: 3 | C9: Has the project location been indetified on it's county's high injury network (HIH)? | F9: Yes/No | P9: HIN | T9: =IF(F9="Yes/No",1,0) -> 1 | U9: r | V9: t
C10: List of county safety plans
B11: 4 | C11: If the project loaction is in Kendall County, is the project location identified as a priority in a safety plan or does it have a high or critical level IDOT SRI score? If yes, provide plan name, link and page number. | P11: Kendall Co
B12: 5 | C12: In a maximum of 5 sentences, please explain how your project location aligns with a systemic risk typology identified in the relevant county safety action plan (SAP). Include the relevant SAP name and page number, and if/how your project will address these risks. | P12: Type 1 | T12: =IF(F12="",1,"0") -> 1 | U12: r | V12: t
P13: Type 2
P14: Type 3
P15: Type 4
P16: Type 5
C17: Example Answer | F17: The project location is a non-freeway arterial with 4 lanes, a speed limit of 45 mph, and AADT of 23,500. This typology was identified in the Kane County SAP (pg. 48) and ranked 5th for systemic risk for VRUs. This project will implement an off-street bike path, separating users from the high-speed, high-traffic activity and protected intersections to address crossing and turning risks.
B18: 6 | C18: List any other safety-related improvements not captured above. | P18: Other Safety Imp
C20: Countermeasures by FHWA Safety Tiers (All Projects)
B21: 7 | C21: Mark all the countermeaures with a Yes that are included in the project scope. The measures are asigned to Tiers by FHWA's Safe System Roadway Design Hierarchy. | K21: Mark Yes if included
C22: Teir I | E22: Access Management - Centerline hardening
E23: Intersection - Add slip lane
E24: Intersection - Install physical separation between modes (protected intersection)
E25: Median - Install median barrier (steel, cable)
E26: Median - Install raised median for road or rail
E27: Median - Significantly improve median
E28: Pavement - Increase pavement friction
E29: Rail - At-grade crossing permanent closure to avoid conflict points
E30: Rail - Grade-separated bridges and underpasses
E31: Rail - Install four-quadrant gates or pedestrian gates
E32: Rail - Restrict unauthorized access to informal pedestrian rail crossings
E33: Roadway - Add centerline buffer areas
E34: Roadway - Add through lanes
... E69: Other Tier 1 countermeasure(s) write-in:
C70: Tier II | E70: Intersection - Reduce curb radii
E71: Median - Install raised median for road or rail
E72: Median - Significantly improve median
E73: Pavement - Increase pavement friction
E74: Roadway - Add street trees and landscaping
E75: Roadway - Add through lanes
E76: Roadway - Add transverse rumble strips
E77: Roadway - Automated enforcement, speed safety cameras
E78: Roadway - Convert from two-way to one-way traffic
E79: Roadway - Gateway treatments at area entrypoints
E80: Roadway - Increase pavement friction
E81: Roadway - Install dynamic/variable speed automated-dynamic speed feedback warning signs
E82: Roadway - Install speed safety cameras
... E96: Other Tier 2 countermeasure(s) write-in:
C97: Tier III | E97: Convert minor stop to - traffic signal -no left turn lane (no permissive phase)
E98: Convert minor stop to - traffic signal with left turn lane
E99: Intersection - Allow Right Turn on Red
E100: Intersection - Convert to all-way stop control (from 2-way or yield control)
E101: Intersection - Implement pedestrian scramble
E102: Intersection - Install two-way stop controlled intersections at uncontrolled intersections
E103: Intersection - No right turn on red
E104: Intersection - Two way stop to all way stop conversion
E105: Rail - Implement smart gates technology at rail crossings
E106: Rail - Sensor-based rail track monitoring devices
E107: Roadway - Add designated loading zones
E108: Signal - Add red light camera
E109: Signal - All red clearance
... E127: Other Tier 3 countermeasure(s) write-in:
C128: Tier IV | E128: Intersection - Improve intersection sight distance
E129: Intersection - Intersection conflict warning systems - flashing beacons
E130: Intersection - Intersection daylighting or parking restrictions near crosswalk
E131: Intersection - Provide flashing beacons at stop controlled intersections
E132: Intersection - Realign skewed intersection
E133: Intersection - Stop-Control Upgrades (double/oversized stop signs, stop bars, all-way stop control)
E134: Lighting - Add intersection or roadway lighting
E135: Markings - Wider edge lines, retroreflective markings, in-lane markings, curve warning, trail markings etc.
E136: Median - Add glare screen in median
E137: Rail - Detectable, tactile warning surfaces leading to rail tracks
E138: Rail - Enhanced visibility for rail crossing warning
E139: Rail - Enhanced visibility of warning signs
E140: Rail - Variable Message Signs (VMS) at Railroad Grade Crossings
... E160: Other - Install delineators, reflectors and/or object markers
C162: Universal Mobility Planning Factor (STP Safety Projects only)
B163: 7 | C163: Select all of the design elements that are included in this project application and provide the quantity or centerline mile length. | J163: Quantity or Centerline miles | K163: Type
C164: Completes bike/ped gap to key destination (essential services, medical, grocery, school, etc.) (areas considered as urban districts) | K164: quantity | N164: FALSE | P164: UM BP Gap Urban
C165: Completes bike/ped gap to key destination (essential services, medical, grocery, school, etc.) (areas that are not considered as urban districts) | K165: quantity | N165: FALSE | P165: UM BP Gap Other
C166: Connects accessible transit boarding pads to sidewalk network | K166: quantity | N166: FALSE | P166: UM Access Transit
C167: Constructs curb/barrier protected or elevated bike lane | K167: linear | N167: FALSE | P167: UM Protect Bike
C168: Constructs multi-use path | K168: linear | N168: FALSE | P168: UM Multi-Use
C169: Constructs one lane roundabout/mini roundabout with multimodal facilities | K169: quantity | N169: FALSE | P169: UM Mini RB
C170: Constructs new sidewalks (4’) on both sides of the road | K170: linear | N170: FALSE | P170: UM New SW Both
C171: Constructs new sidewalks (4’) on one side of the road | K171: linear | N171: FALSE | P171: UM New SW One
C172: Implements accessible pedestrian signals (APS) | K172: quantity | N172: FALSE | P172: UM Acess Ped Signal
C173: Implements protected intersection | K173: quantity | N173: FALSE | P173: UM Protect Inter
C174: Implements marked/striped bike lane (both sides) | K174: linear | N174: FALSE | P174: UM Striped Bike
C175: Implements speed reduction in locations with activity generators (essential services, medical, grocery, school, etc.) | K175: binary | N175: FALSE | P175: UM Speed Reduction
... C188: Other - write-ins subject to CMAP approval | K188: TBD | N188: FALSE | P188: UM Other
C190: Freight Planning Factor (STP Safety Projects only)
B191: 8 | C191: Sponsor/local jurisdiction has an online truck permitting program? | F191: Yes/No | P191: Truck permitting | T191: =IF(F191="Yes/No",1,0) -> 1 | U191: r | V191: d
C192: If yes, please provide a link to the web page: | P192: Truck perm link | T192: =IF(F192="",1,"0") -> 1 | U192: o | V192: t
C193: Sponsor/local jurisdiction has one or more delivery management policies? | F193: Yes/No | P193: delivery policy | T193: =IF(F193="Yes/No",1,0) -> 1 | U193: r | V193: d
C194: If yes, please provide a link to the policies (if the document is not available online, enter "see eTIP" and the file name of the document attached (pdf or Word format only) to the eTIP application): | P194: delivery pol link | T194: =IF(F194="",1,"0") -> 1 | U194: o | V194: t
C195: Sponsor has completed/participated in a truck routing study? | F195: Yes/No | P195: routing study | T195: =IF(F195="Yes/No",1,0) -> 1 | U195: r | V195: d
C196: If yes, please provide a link to the study results (if not available online, enter "see eTIP" and the file name of the document attached (pdf or Word format only) to the eTIP application): | P196: routing link | T196: =IF(F196="",1,"0") -> 1 | U196: o | V196: t
C197: Sponsor has completed a systematic review of truck restrictions within their jurisdiction | F197: Yes/No | P197: restrictions review | T197: =IF(F197="Yes/No",1,0) -> 1 | U197: r | V197: d
C198: If yes, please provide a link to the review results (if not available online, enter "see eTIP" and the file name of the document attached (pdf or Word format only) to the eTIP application): | P198: restrictions link | T198: =IF(F198="",1,"0") -> 1 | U198: o | V198: t
C199: The project is identified in a local, county, or regional freight mobility plan? | F199: Yes/No | P199: freight plan | T199: =IF(F199="Yes/No",1,0) -> 1 | U199: r | V199: d
...

Sheet Signal Interconnects
C1: CMAQ Signal Interconnect Projects
C2: Complete the questions.
J3: CMAP Use Only - Hide these columns
C4: Project Identification | J4: checkbox values | L4: master field names | R4: missing | S4: r/o | T4: t/dd
B5: 1 | C5: TIP ID (as assigned in eTIP): | L5: CFP ID | R5: =IF(D5="",1,"0") -> 1 | S5: r | T5: t
B6: 2 | C6: Project Title (as entered in eTIP): | L6: Title | R6: =IF(D6="",1,"0") -> 1 | S6: r | T6: t
C8: Project Information
B9: 3 | C9: Project length (miles): | L9: Proj Len | R9: =IF(D9="",1,"0") -> 1 | S9: r | T9: t
B10: 4 | C10: Distance between the last two signals at both ends of the project | D10: north/west | E10: south/east | R10: =IF(D11="",1,"0") -> 1 | S10: r | T10: t
L11: N/W sig dist | M11: S/E sig dist | R11: =IF(E11="",1,"0") -> 1 | S11: r | T11: t
B12: 5 | C12: Provide the following by road segment. For projects with more than 10 segments, check here and go to the Additional Information worksheet to add more segments. | J12: FALSE | L12: More SI segments
C14: Segment description | D14: Length (mi) | E14: Speed (mph) | F14: Current Traffic Volume (ADT) | G14: Year of ADT estimate
L15: Seg Desc 1 | M15: Len 1 | N15: Speed 1 | O15: ADT 1 | P15: ADT yr 1 | R15: =IF(D15="",1,"0") -> 1 | S15: r | T15: t
L16: Seg Desc 2 | M16: Len 2 | N16: Speed 2 | O16: ADT 2 | P16: ADT yr 2 | R16: =IF(E15="",1,"0") -> 1 | S16: r | T16: t
L17: Seg Desc 3 | M17: Len 3 | N17: Speed 3 | O17: ADT 3 | P17: ADT yr 3 | R17: =IF(F15="",1,"0") -> 1 | S17: r | T17: t
L18: Seg Desc 4 | M18: Len 4 | N18: Speed 4 | O18: ADT 4 | P18: ADT yr 4 | R18: =IF(G15="",1,"0") -> 1 | S18: r | T18: t
L19: Seg Desc 5 | M19: Len 5 | N19: Speed 5 | O19: ADT 5 | P19: ADT yr 5
L20: Seg Desc 6 | M20: Len 6 | N20: Speed 6 | O20: ADT 6 | P20: ADT yr 6
L21: Seg Desc 7 | M21: Len 7 | N21: Speed 7 | O21: ADT 7 | P21: ADT yr 7
L22: Seg Desc 8 | M22: Len 8 | N22: Speed 8 | O22: ADT 8 | P22: ADT yr 8
L23: Seg Desc 9 | M23: Len 9 | N23: Speed 9 | O23: ADT 9 | P23: ADT yr 9
L24: Seg Desc 10 | M24: Len 10 | N24: Speed 10 | O24: ADT 10 | P24: ADT yr 10
B25: 6 | C25: Is the project part of a transit signal priority (TSP) corridor? | D25: Yes/No | L25: TSP corr | R25: =IF(D25="Yes/No",1,0) -> 1 | S25: r | T25: d
B26: 7 | C26: If yes, provide TSP name: | L26: TSP name | R26: =IF(D26="",1,"0") -> 1 | S26: o | T26: t
B27: 8 | C27: Is there a safety issue(s) at this location that will be addressed by the proposed project through improving the geometry or physical condition of the road/intersection? | D27: Yes/No | L27: Safety | R27: =IF(D27="Yes/No",1,0) -> 1 | S27: r | T27: d
C28: If yes above, complete the Safety worksheet.
B29: 9 | C29: Is this project a corridor level improvement or part of a larger corridor improvement? | D29: Yes/No | L29: Corr Imp | R29: =IF(D29="Yes/No",1,0) -> 1 | S29: r | T29: d
C30: If yes, please provide information on the corridor. | L30: Corr Info | R30: =IF(D30="",1,"0") -> 1 | S30: o | T30: t
B31: 10 | C31: Does the project include a physical transit improvement? | D31: Yes/No | L31: Inc Transit | R31: =IF(D31="Yes/No",1,0) -> 1 | S31: r | T31: d
C32: If yes, please provide the types of improvements. | L32: Transit Desc | R32: =IF(D32="",1,"0") -> 1 | S32: o | T32: t
C34: Additional Information
B35: 11 | C35: Use this space to provide additional description not entered in eTIP, additional information not entered above, or to indicate the file name of any narrative description that is attached in eTIP. | L35: Addl info | R35: =IF(D35="",1,"0") -> 1 | S35: o | T35: t
B38: THIS WORKSHEET ENDS HERE
R39: Row Labels | S39: Sum of missing
R40: o | S40: 5
R41: t | S41: 5
R42: r | S42: 14
R43: d | S43: 4
R44: t | S44: 10
R45: (blank)
R46: (blank)
R47: Grand Total | S47: 19
R50: Blank required fill-ins: | S50: =SUM(R5:R6,R9:R11,R15:R18) -> 9
R51: Missing drop-downs: | S51: =SUM(R25,R27,R29,R31) -> 4
S52: =SUM(S50:S51) -> 13
R54: Missing opt fill-ins: | S54: =SUM(R26,R30,R32,R35) -> 4
R55: Missing opt drop-downs | S55: =0 -> 0
S56: =SUM(S54:S55) -> 4

Sheet Transit Projects
C1: STP and CMAQ Transit Projects
C2: Complete the questions. Green sections for all projects, yellow sections for CMAQ projects only, orange sections for STP projects only. | K2: CMAP Use Only - Hide these columns
T3: STP Bus Speed | X3: STP Station | AB3: STP Yard or Terminal | AF3: CMAQ Facility | AJ3: CMAQ Service and Equipment | AN3: CMAQ Access to Transit
C4: Project Identification | K4: checkbox values | M4: master field names | T4: missing | U4: r/o | V4: t/dd | X4: missing | Y4: r/o | Z4: t/dd | AB4: missing | AC4: r/o | AD4: t/dd | AF4: missing | AG4: r/o | AH4: t/dd | AJ4: missing | AK4: r/o | AL4: t/dd | AN4: missing | AO4: r/o | AP4: t/dd
B5: 1 | C5: TIP ID (as assigned in eTIP): | M5: CFP ID | T5: =IF(D5="",1,"0") -> 1 | U5: r | V5: t | X5: =IF(D5="",1,"0") -> 1 | Y5: r | Z5: t | AB5: =IF(D5="",1,"0") -> 1 | AC5: r | AD5: t | AF5: =IF(D5="",1,"0") -> 1 | AG5: r | AH5: t | AJ5: =IF(D5="",1,"0") -> 1 | AK5: r | AL5: t | AN5: =IF(D5="",1,"0") -> 1 | AO5: r | AP5: t
B6: 2 | C6: Project Title (as entered in eTIP): | M6: Title | T6: =IF(D6="",1,"0") -> 1 | U6: r | V6: t | X6: =IF(D6="",1,"0") -> 1 | Y6: r | Z6: t | AB6: =IF(D6="",1,"0") -> 1 | AC6: r | AD6: t | AF6: =IF(D6="",1,"0") -> 1 | AG6: r | AH6: t | AJ6: =IF(D6="",1,"0") -> 1 | AK6: r | AL6: t | AN6: =IF(D6="",1,"0") -> 1 | AO6: r | AP6: t
B7: 3 | C7: Project Type: | D7: Pick One | M7: Transit type | T7: =IF(D7="Pick One",1,"0") -> 1 | U7: r | V7: d | X7: =IF(D7="Pick One",1,"0") -> 1 | Y7: r | Z7: d | AB7: =IF(D7="Pick One",1,"0") -> 1 | AC7: r | AD7: d | AF7: =IF(D7="Pick One",1,"0") -> 1 | AG7: r | AH7: d | AJ7: =IF(D7="Pick One",1,"0") -> 1 | AK7: r | AL7: d | AN7: =IF(D7="Pick One",1,"0") -> 1 | AO7: r | AP7: d
C9: Service (CMAQ) or Bus Speed (STP) Improvement Projects
C10: For all routes being affected, provide the following. For projects affecting more than 5 routes, check here and go to the Additional Information worksheet to add more routes. | D10: Route | E10: Route | F10: Route | G10: Route | H10: Route | K10: FALSE | M10: more transit routes | T10: =IF(K10=TRUE,IF(AND(D13<0.9,E13<0.9,F13<0.9,G13<0.9,H13<0.9,'Additional Information'!D94<0.9,'Additional Information'!E94<0.9,'Additional Information'!F94<0.9,'Additional Information'!G94<0.9,'Additional Information'!H94<0.9),"eligible","not eligible"),IF(AND(D13<0.9,E13<0.9,F13<0.9,G13<0.9,H13<0.9),"eligible", "not eligible")) -> eligible | X10: =IF(D7="STP-SF: Transit Station Improvement","Use this","") | AB10: =IF(D7="STP-SF: Transit Yard or Terminal Improvement","Use this","") | AF10: =IF(D7="CMAQ: Facility improvement","Use this","") | AJ10: =IF(D7="CMAQ: Service and Equipment","Use this","") | AN10: =IF(D7="CMAQ: Access to Transit","Use this","")
B12: 4 | C12: List Route Name/Number | M12: route1 | N12: route2 | O12: route3 | P12: route4 | Q12: route5 | T12: =IF(D12="",1,"0") -> 1 | U12: r | V12: t | AJ12: =IF(D12="",1,"0") -> 1 | AK12: r | AL12: t
B13: 5 | C13: Current on-time performance of route to be improved | M13: rt1 cur ontime | N13: rt2 cur ontime | O13: rt3 cur ontime | P13: rt4 cur ontime | Q13: rt5 cur ontime | T13: =IF(D13="",1,"0") -> 1 | U13: r | V13: t | AJ13: =IF(D13="",1,"0") -> 1 | AK13: r | AL13: t
B14: 6 | C14: Current on-time performance, system-wide | M14: rt1 sys ontime | N14: rt2 sys ontime | O14: rt3 sys ontime | P14: rt4 sys ontime | Q14: rt5 sys ontime | T14: =IF(D14="",1,"0") -> 1 | U14: r | V14: t | AJ14: =IF(D14="",1,"0") -> 1 | AK14: r | AL14: t
B15: 7 | C15: Anticipated on-time performance of route after improvement | M15: rt1 aft ontime | N15: rt2 aft ontime | O15: rt3 aft ontime | P15: rt4 aft ontime | Q15: rt5 aft ontime | T15: =IF(D15="",1,"0") -> 1 | U15: r | V15: t | AJ15: =IF(D15="",1,"0") -> 1 | AK15: r | AL15: t
B16: 8 | C16: Schedule time from route start to route end (weekday PM peak) | M16: rt1 sch time | N16: rt2 sch time | O16: rt3 sch time | P16: rt4 sch time | Q16: rt5 sch time | T16: =IF(D16="",1,"0") -> 1 | U16: r | V16: t | AJ16: =IF(D16="",1,"0") -> 1 | AK16: r | AL16: t
C18: Benefits (CMAQ projects ONLY)
B19: 9 | C19: New one-way riders: | M19: new riders | AF19: =IF(D19="",1,"0") -> 1 | AG19: r | AH19: t | AJ19: =IF(D19="",1,"0") -> 1 | AK19: r | AL19: t | AN19: =IF(D19="",1,"0") -> 1 | AO19: r | AP19: t
B20: 10 | C20: Length of typical one way transit trip (miles to nearest tenth): | M20: trip len | AF20: =IF(D20="",1,"0") -> 1 | AG20: r | AH20: t | AJ20: =IF(D20="",1,"0") -> 1 | AK20: r | AL20: t | AN20: =IF(D20="",1,"0") -> 1 | AO20: r | AP20: t
B21: 11 | C21: Percent of new riders arriving by automobile: | M21: % by auto | AF21: =IF(D21="",1,"0") -> 1 | AG21: r | AH21: t | AJ21: =IF(D21="",1,"0") -> 1 | AK21: r | AL21: t | AN21: =IF(D21="",1,"0") -> 1 | AO21: r | AP21: t
B22: 12 | C22: Project Life (years): | M22: project life | AF22: =IF(D22="",1,"0") -> 1 | AG22: r | AH22: t | AJ22: =IF(D22="",1,"0") -> 1 | AK22: r | AL22: t | AN22: =IF(D22="",1,"0") -> 1 | AO22: r | AP22: t
B23: 13 | C23: Provide basis for parameters used to estimate benefits: | M23: basis benefits | AF23: =IF(D23="",1,"0") -> 1 | AG23: r | AH23: t | AJ23: =IF(D23="",1,"0") -> 1 | AK23: r | AL23: t | AN23: =IF(D23="",1,"0") -> 1 | AO23: r | AP23: t
C25: Commuter Parking (CMAQ projects only)
B26: 14 | C26: Net number of new vehicle parking spaces | M26: net new pkg | AF26: =IF(D26="",1,"0") -> 1 | AG26: o | AH26: t | AJ26: =IF(D26="",1,"0") -> 1 | AK26: r | AL26: t | AN26: =IF(D26="",1,"0") -> 1 | AO26: o | AP26: t
B27: 15 | C27: Net number of new bicycle parking spaces | M27: net new bike pkg | AF27: =IF(D27="",1,"0") -> 1 | AG27: o | AH27: t | AJ27: =IF(D27="",1,"0") -> 1 | AK27: r | AL27: t | AN27: =IF(D27="",1,"0") -> 1 | AO27: o | AP27: t
C29: Reliability enhancements (CMAQ projects only - check all that apply)
B30: 16 | C30: Rail
C31: New vehicles | K31: FALSE | M31: rail new veh | AJ31: =COUNTIF(K31:K37,TRUE) -> 0 | AK31: zero means no rail
C32: Upgraded switches | K32: FALSE | M32: up switch
C33: Upgraded power supply | K33: FALSE | M33: up pwr sup
C34: Positive train control | K34: FALSE | M34: PTC
C35: Station consolidation | K35: FALSE | M35: station consol
C36: Track improvements | K36: FALSE | M36: track imp
C37: Reduction of freight/vehicle /pedestrian interference | K37: FALSE | M37: red interference
B38: 17 | C38: Bus | AJ38: =COUNTIF(K39:K52,TRUE) -> 0 | AK38: zero means no bus
C39: New Vehicles | K39: FALSE | M39: bus new veh
C40: Queue Jump/Bypass Lanes | K40: FALSE | M40: q jump
C41: Off-board Fare Collection | K41: FALSE | M41: off fare
C42: Reduced Stops/Express Service | K42: FALSE | M42: express
C43: New Dispatching/Decision Support Systems | K43: FALSE | M43: dispatch
C44: Passenger Vehicle Movement Restrictions | K44: FALSE | M44: restrict pass veh
C45: Transit Signal Priority | K45: FALSE | M45: TSP
C46: Multi-door boarding with off-board fare collection | K46: FALSE | M46: multi-door
C47: Bus-on-shoulders | K47: FALSE | M47: bus on should
C48: Managed lanes | K48: FALSE | M48: mgd lanes
C49: Dedicated bus way | K49: FALSE | M49: bus way
C50: Far-side stops | K50: FALSE | M50: far-side stops
... C52: Near level boarding | K52: FALSE | M52: near level
C54: Transit Station, Yard, or Terminal Improvement (STP) or Facility Improvement (CMAQ) Projects
C55: Asset Condition Component
B56: 18 | C56: For each major station, yard, or terminal component, provide the existing asset condition (1-5 TERM scale), the anticipated condition after the project is complete, and the value of each component. For projects with more than 5 major components, check here and go to the Additional Information worksheet to add more components. | K56: FALSE | M56: more transit components
C58: Component | D58: Current TERM | E58: Future TERM | F58: Value ($)
M59: component1 | N59: cur term 1 | O59: future term 1 | P59: value 1 | X59: =IF(C59="",1,"0") -> 1 | Y59: r | Z59: t | AB59: =IF(C59="",1,"0") -> 1 | AC59: r | AD59: t | AF59: =IF(C59="",1,"0") -> 1 | AG59: r | AH59: t
M60: component2 | N60: cur term 2 | O60: future term 2 | P60: value 2 | X60: =IF(D59="",1,"0") -> 1 | Y60: r | Z60: t | AB60: =IF(D59="",1,"0") -> 1 | AC60: r | AD60: t | AF60: =IF(D59="",1,"0") -> 1 | AG60: r | AH60: t
M61: component3 | N61: cur term 3 | O61: future term 3 | P61: value 3 | X61: =IF(E59="",1,"0") -> 1 | Y61: r | Z61: t | AB61: =IF(E59="",1,"0") -> 1 | AC61: r | AD61: t | AF61: =IF(E59="",1,"0") -> 1 | AG61: r | AH61: t
M62: component4 | N62: cur term 4 | O62: future term 4 | P62: value 4 | X62: =IF(F59="",1,"0") -> 1 | Y62: r | Z62: t | AB62: =IF(F59="",1,"0") -> 1 | AC62: r | AD62: t | AF62: =IF(F59="",1,"0") -> 1 | AG62: r | AH62: t
M63: component5 | N63: cur term 5 | O63: future term 5 | P63: value 5 | X63: =IF(K56=TRUE,AVERAGE(D59:D63,'Additional Information'!D102:D106),AVERAGE('Transit Projects'!D59:D63)) -> #DIV/0! | Y63: ave TERM | AB63: =IF(K56=TRUE,AVERAGE(D59:D63,'Additional Information'!D102:D106),AVERAGE('Transit Projects'!D59:D63)) -> #DIV/0! | AC63: ave TERM | AF63: =IF(K56=TRUE,AVERAGE(D59:D63,'Additional Information'!D102:D106),AVERAGE('Transit Projects'!D59:D63)) -> #DIV/0! | AG63: ave TERM
C64: Bike/Ped Access Component (STP transit station projects only)
B65: 19 | C65: For each street within 1/2 mile of the station, provide the street name, direction, total length (linear feet) and linear feet of new, improved, retained (with no improvement) or removed (and not replaced) sidewalk. For projects with more than 10 streets, check here and go to the Additional Information worksheet to add more streets. | K65: FALSE
C67: Street name and direction | D67: Total length | E67: New Sidewalk | F67: Improved Sidewalk | G67: Retained sidewalk | H67: Removed sidewalk
C68: Sample Street, northbound | D68: 3000' | E68: 1000' | F68: 100' | G68: 800' | H68: 0'
M69: street1 | N69: length1 | O69: new sw1 | P69: imp sw1 | Q69: ret sw1 | R69: remove sw1 | X69: =IF(C69="",1,"0") -> 1 | Y69: r | Z69: t
M70: street2 | N70: length2 | O70: new sw2 | P70: imp sw2 | Q70: ret sw2 | R70: remove sw2 | X70: =IF(D69="",1,"0") -> 1 | Y70: r | Z70: t
M71: street3 | N71: length3 | O71: new sw3 | P71: imp sw3 | Q71: ret sw3 | R71: remove sw3 | X71: =IF(E69="",1,"0") -> 1 | Y71: r | Z71: t
M72: street4 | N72: length4 | O72: new sw4 | P72: imp sw4 | Q72: ret sw4 | R72: remove sw4 | X72: =IF(F69="",1,"0") -> 1 | Y72: r | Z72: t
M73: street5 | N73: length5 | O73: new sw5 | P73: imp sw5 | Q73: ret sw5 | R73: remove sw5 | X73: =IF(G69="",1,"0") -> 1 | Y73: r | Z73: t
M74: street6 | N74: length6 | O74: new sw6 | P74: imp sw6 | Q74: ret sw6 | R74: remove sw6 | X74: =IF(H69="",1,"0") -> 1 | Y74: r | Z74: t
M75: street7 | N75: length7 | O75: new sw7 | P75: imp sw7 | Q75: ret sw7 | R75: remove sw7
M76: street8 | N76: length8 | O76: new sw8 | P76: imp sw8 | Q76: ret sw8 | R76: remove sw8
M77: street9 | N77: length9 | O77: new sw9 | P77: imp sw9 | Q77: ret sw9 | R77: remove sw9
M78: street10 | N78: length10 | O78: new sw10 | P78: imp sw10 | Q78: ret sw10 | R78: remove sw10
B79: 20 | C79: Indicate the bicycle facilities located at or within 1/2 mi of the station | D79: Before | E79: After
C80: Bicycle Racks | K80: FALSE | L80: FALSE | X80: =IF(OR(K80=TRUE,L80=TRUE),0,1) -> 1 | Y80: o | Z80: t
C81: Bicycle Lockers | K81: FALSE | L81: FALSE | X81: =IF(OR(K81=TRUE,L81=TRUE),0,1) -> 1 | Y81: o | Z81: t
C82: Other Bicycle Parking | K82: FALSE | L82: FALSE | X82: =IF(OR(K82=TRUE,L82=TRUE),0,1) -> 1 | Y82: o | Z82: t
C83: Bike-sharing Station/Dock | K83: FALSE | L83: FALSE | X83: =IF(OR(K83=TRUE,L83=TRUE),0,1) -> 1 | Y83: o | Z83: t
C84: Compliance Component (STP transit yard or terminal projects only)
B85: 21 | C85: Select the most severe existing level of compliance deficiences for the project: | D85: Pick One | M85: yard_term compliance | AB85: =IF(D85="Pick One",1,"0") -> 1 | AC85: r | AD85: d
B86: 22 | C86: Briefly describe the compliance deficiency, including the requirement(s) that is not being met. | M86: compliance desc | AB86: =IF(D86="",1,"0") -> 1 | AC86: o | AD86: t
B87: 23 | C87: Briefly describe how the compliance deficiency will be resolved as a result of the project. | M87: compliance resolved | AB87: =IF(D87="",1,"0") -> 1 | AC87: o | AD87: t
C88: Efficiency Component (STP transit yard or terminal projects only)
D89: Before | F89: After
B90: 24 | C90: Number of vehicles (train sets) that can be stored in the yard/terminal | M90: trains stored after | N90: trains stored before | AB90: =IF(OR(D90="",F90=""),1,0) -> 1 | AC90: r | AD90: t
B91: 25 | C91: Miles of weekly non-revenue trips made due to yard/terminal location (based on published schedules in effect on October 21, 2025) | M91: non-rev before | N91: non-rev after | AB91: =IF(OR(D91="",F91=""),1,0) -> 1 | AC91: r | AD91: t
C93: Transit Station, Yard, or Terminal Improvement (STP) or Facility Improvement (CMAQ) Projects
C94: Transit Supportive Land Use
C95: Please upload to your eTIP application the relevant section(s) of zoning code identifying the following information and provide page and section numbers below.
B96: 26 | C96: Permitted Densities
C97: Residential DU/buildable acre within 1/2 mile of transit station | D97: Select One | M97: Res DU | X97: =IF(D97="Select One",1,0) -> 1 | Y97: r | Z97: d | AB97: =IF(D97="Select One",1,0) -> 1 | AC97: r | AD97: d | AF97: =IF(D97="Select One",1,0) -> 1 | AG97: r | AH97: d
C98: Maximum allowable floors (building height) | D98: Select One | M98: Min Floors | X98: =IF(D98="Select One",1,0) -> 1 | Y98: r | Z98: d | AB98: =IF(D98="Select One",1,0) -> 1 | AC98: r | AD98: d | AF98: =IF(D98="Select One",1,0) -> 1 | AG98: r | AH98: d
B99: 27 | C99: Innovative Parking Requirements (check all that apply) | E99: Page and section
C100: Reduced minimum parking requirements | K100: FALSE | M100: Min Pkg | N100: Min Pkg pg | X100: =IF(COUNTIF(K100:K106,TRUE)>0,0,1) -> 1 | Y100: o | Z100: t | AB100: =IF(COUNTIF(K100:K106,TRUE)>0,0,1) -> 1 | AC100: o | AD100: t | AF100: =IF(COUNTIF(K100:K106,TRUE)>0,0,1) -> 1 | AG100: o | AH100: t
C101: Enacted maximum parking requirements | K101: FALSE | M101: Max Pkg | N101: Max Pkg pg
C102: Shared parking permitted | K102: FALSE | M102: Shared Pkg | N102: Shared Pkg pg
C103: In-lieu parking fees permitted | K103: FALSE | M103: In-lieu pkg | N103: In-lieu pkg pg
C104: Enacted bicycle parking requirements | K104: FALSE | M104: Bike pkg | N104: Bike pkg pg
C105: Off-street parking is required behind or underneath buildings | K105: FALSE | M105: Pkg behind | N105: Pkg behind pg
C106: Off-street parking is permitted off-site | K106: FALSE | M106: Off site pkg | N106: off site pkg pg
B107: 28 | C107: Mixed-use zoning strategies within 1/2 mile of project (check all that apply) | E107: Page and section
C108: Zoning allows vertical mixing of uses | K108: FALSE | M108: vert MU | N108: vert MU pg | X108: =IF(COUNTIF(K108:K110,TRUE)>0,0,1) -> 1 | Y108: o | Z108: t | AB108: =IF(COUNTIF(K108:K110,TRUE)>0,0,1) -> 1 | AC108: o | AD108: t | AF108: =IF(COUNTIF(K108:K110,TRUE)>0,0,1) -> 1 | AG108: o | AH108: t
C109: Zoning allows pedestrian-friendly diverse land uses | K109: FALSE | M109: ped uses | N109: ped uses pg
C110: Zoning excludes car-dependent land uses | K110: FALSE | M110: excl car | N110: excl car pg
...

Sheet Truck Routes
C1: STP Truck Route Improvement Projects
C2: Complete the questions. | L2: CMAP Use Only - Hide these columns
L4: checkbox values | N4: master field names
C5: Project Identification | Q5: missing | R5: r/o | S5: t/dd
B6: 1 | C6: TIP ID (as assigned in eTIP): | N6: CFP ID | Q6: =IF(D6="",1,"0") -> 1 | R6: r | S6: t
B7: 2 | C7: Project Title (as entered in eTIP): | N7: Title | Q7: =IF(D7="",1,"0") -> 1 | R7: r | S7: t
C9: Universal Mobility Planning Factor
B10: 3 | C10: Select all of the design elements that are included in this project application and provide the quantity or centerline mile length. | E10: Quantity or Centerline Miles | G10: Type
C11: Completes bike/ped gap to key destination (essential services, medical, grocery, school, etc.) (areas considered as urban districts) | G11: quantity | L11: FALSE | N11: UM BP Gap Urban
C12: Completes bike/ped gap to key destination (essential services, medical, grocery, school, etc.) (areas that are not considered as urban districts) | G12: quantity | L12: FALSE | N12: UM BP Gap Other
C13: Connects accessible transit boarding pads to sidewalk network | G13: quantity | L13: FALSE | N13: UM Access Transit
C14: Constructs curb/barrier protected or elevated bike lane | G14: linear | L14: FALSE | N14: UM Protect Bike
C15: Constructs multi-use path | G15: linear | L15: FALSE | N15: UM Multi-Use
C16: Constructs one lane roundabout/mini roundabout with multimodal facilities | G16: quantity | L16: FALSE | N16: UM Mini RB
C17: Constructs new sidewalks (4’) on both sides of the road | G17: linear | L17: FALSE | N17: UM New SW Both
C18: Constructs new sidewalks (4’) on one side of the road | G18: linear | L18: FALSE | N18: UM New SW One
C19: Implements accessible pedestrian signals (APS) | G19: quantity | L19: FALSE | N19: UM Acess Ped Signal
C20: Implements protected intersection | G20: quantity | L20: FALSE | N20: UM Protect Inter
C21: Implements marked/striped bike lane (both sides) | G21: linear | L21: FALSE | N21: UM Striped Bike
C22: Implements speed reduction in locations with activity generators (essential services, medical, grocery, school, etc.) | G22: binary | L22: FALSE | N22: UM Speed Reduction
... C35: Other - write-ins subject to CMAP approval | G35: TBD | L35: FALSE | N35: UM Other
C37: Resilience Planning Factor
B38: 4 | C38: Is the project on the TRIP priority project list? | D38: Yes/No | N38: Resilience Policy | Q38: =IF(D38="Yes/No",1,0) -> 1 | R38: r | S38: d
C39: If yes, please enter the project ID and name as specified on Table 9 or Table 10. | N39: Resilience Link | Q39: =IF(D39="",1,"0") -> 1 | R39: o | S39: t
B40: 5 | C40: What is the level of vulnerability at this location? Please enter the highest asset exposure score within the project boundary. Asset exposure scores can be obtained from the TRIP Risk-based Vulnerability Assessment Data Viewer (link below). Project sponsors can provide their own climate hazard exposure information to be considered where data does not exist or if the TRIP score deviates from known events. | N40: Vulnerability | Q40: =IF(D40="",1,"0") -> 1 | R40: o | S40: t
C41: https://cmapgis.maps.arcgis.com/apps/mapviewer/index.html?webmap=08a4d59480b14660ad9f375306677ee9 | N41: Vulnerability desc
B42: 6 | C42: Does the project incorporate resilience elements? (If yes, answer the following questions detailing the resilience elements.) | D42: Yes/No | N42: Green Inf | Q42: =IF(D42="Yes/No",1,0) -> 1 | R42: o | S42: d
C43: To what extent does the project protect transportation assets from extreme weather events and climate hazards? Please describe the resilience elements featured in the project and how they will mitigate the vulnerability. | N43: Green Inf desc | Q43: =IF(D43="",1,"0") -> 1 | R43: o | S43: t
C44: How well does the project integrate green or gray infrastructure solutions for long-term resilience? Please specify if the project includes nature-based solutions, structural solutions, or both. | N44: Gray Inf | Q44: =IF(D44="",1,"0") -> 1 | R44: o | S44: t
C45: Does the project modernize assets to reflect or go beyond standard design requirements to build resilience and future climate adaptation? If yes, please specify how the project will exceed design standards. | N45: Gray Inf desc | Q45: =IF(D45="",1,"0") -> 1 | R45: o | S45: t
C46: Does the project provide additional co-benefits beyond resilience, such as improvements in air quality, water quality, or ecosystem health? If yes, please specify the co-benefits provided by the project.
C48: Project and Segment Characteristics
B49: 7 | C49: What is the length of the project in miles? | N49: proj len | Q49: =IF(D49="",1,"0") -> 1 | R49: r | S49: t
B50: 8 | C50: How many intersections, including the end points, are within the project limits? | N50: # int | Q50: =IF(D50="",1,"0") -> 1 | R50: r | S50: t
B51: 9 | C51: For each segment, provide the following. For projects affecting more than 6 segments, check here and go to the Additional Information worksheet to add more segments. | D51: Segment 1 | F51: Segment 2 | G51: Segment 3 | H51: Segment 4 | I51: Segment 5 | J51: Segment 6 | L51: FALSE
C53: Street name | N53: <seg #> street | Q53: =IF(D53="",1,"0") -> 1 | R53: r | S53: t
C54: Posted speed (mph) | N54: <seg #> speed | Q54: =IF(D54="",1,"0") -> 1 | R54: r | S54: t
C55: AADT (bi-directional) | N55: <seg #> AADT | Q55: =IF(D55="",1,"0") -> 1 | R55: r | S55: t
C56: AADT source and year collected | N56: <seg #> AADT source | Q56: =IF(D56="",1,"0") -> 1 | R56: r | S56: t
C57: % Trucks | N57: <seg #> % trucks | Q57: =IF(D57="",1,"0") -> 1 | R57: r | S57: t
C58: % Trucks source and year collected | N58: <seg #> trucks source | Q58: =IF(D58="",1,"0") -> 1 | R58: r | S58: t
B59: 10 | C59: Are there weight-restricted bridges within the project limits? | D59: Yes/No | N59: weight lims | Q59: =IF(D59="Yes/No",1,0) -> 1 | R59: r | S59: d
C60: If yes, provide the location(s): | N60: wt lim locations | Q60: =IF(D60="",1,"0") -> 1 | R60: o | S60: t
C61: Will the project result in the weight restriction(s) being removed and/or eliminated? | D61: Yes/No | N61: remove wt lim | Q61: =IF(D61="Yes/No",1,0) -> 1 | R61: r | S61: d
C62: If yes, describe the work to be done to remove or eliminate weight restrictions: | N62: desc wt lim | Q62: =IF(D62="",1,"0") -> 1 | R62: o | S62: t
B63: 11 | C63: Are there vertical clearance restrictions within the project limits? | D63: Yes/No | N63: vert clear | Q63: =IF(D63="Yes/No",1,0) -> 1 | R63: r | S63: d
C64: If yes, provide the location(s): | N64: vert locations | Q64: =IF(D64="",1,"0") -> 1 | R64: o | S64: t
C65: Will the project result in the vertical clearance restriction(s) being removed and/or eliminated? | D65: Yes/No | N65: remove vert lim | Q65: =IF(D65="Yes/No",1,0) -> 1 | R65: r | S65: d
C66: If yes, describe the work to be done to remove or eliminate vertical clearance restrictions: | N66: desc vert | Q66: =IF(D66="",1,"0") -> 1 | R66: o | S66: t
B67: 12 | C67: Is the outer lane width insufficient for the design vehicle? | D67: Yes/No | N67: Insuff out ln | Q67: =IF(D67="Yes/No",1,0) -> 1 | R67: r | S67: d
C68: If yes, what is the length of roadway with insufficient outer lane widths, in miles? | N68: Len out ln | Q68: =IF(D68="",1,"0") -> 1 | R68: o | S68: t
C69: Will the project result in the outer lane width being sufficient for the design vehicle? | D69: Yes/No | N69: remove out ln | Q69: =IF(D69="Yes/No",1,0) -> 1 | R69: r | S69: d
B70: 13 | C70: Do any intersections within the project limits have insufficient turn radii for the design vehicle? | D70: Yes/No | N70: Insuff turn | Q70: =IF(D70="Yes/No",1,0) -> 1 | R70: r | S70: d
C71: If yes, list the intersection(s): | N71: Insuff turn loc | Q71: =IF(D71="",1,"0") -> 1 | R71: o | S71: t
C72: At which intersections will the insufficient turn radii be corrected? | N72: rem insuff turn loc | Q72: =IF(D72="",1,"0") -> 1 | R72: o | S72: t
B73: 14 | C73: Do any intersections within the project limits have insufficient queue storage for the design vehicle? | D73: Yes/No | N73: insuff queue | Q73: =IF(D73="Yes/No",1,0) -> 1 | R73: r | S73: d
C74: If yes, list the intersections(s): | N74: insuff queue loc | Q74: =IF(D74="",1,"0") -> 1 | R74: o | S74: t
C75: At which intersections will the insufficient queue storage be corrected? | N75: rem insuff queue loc | Q75: =IF(D75="",1,"0") -> 1 | R75: o | S75: t
C77: Systematic Improvements (check all that apply)
B78: 15 | C78: Truck travel information systems | M78: FALSE | N78: tk tvl info | Q78: =IF(M78=FALSE,1,0) -> 1 | R78: o | S78: d
C79: Adaptive signal control | M79: FALSE | N79: adpt sig | Q79: =IF(M79=FALSE,1,0) -> 1 | R79: o | S79: d
C80: Integrated corridor management | M80: FALSE | N80: corr mgmt | Q80: =IF(M80=FALSE,1,0) -> 1 | R80: o | S80: d
C81: Traffic signal interconnect | M81: FALSE | N81: sig int | Q81: =IF(M81=FALSE,1,0) -> 1 | R81: o | S81: d
C82: Dynamic message signs | M82: FALSE | N82: DMS | Q82: =IF(M82=FALSE,1,0) -> 1 | R82: o | S82: d
C83: Truck route signing | M83: FALSE | N83: tk route | Q83: =IF(M83=FALSE,1,0) -> 1 | R83: o | S83: d
C85: Mitigation of Negative Impacts (check all that apply)
B86: 16 | C86: Project reroutes trucks away from sensitive land uses | M86: FALSE | N86: sens LU | Q86: =IF(M86=FALSE,1,0) -> 1 | R86: o | S86: d
C87: Project includes electrification infrastructure | M87: FALSE | N87: electrification | Q87: =IF(M87=FALSE,1,0) -> 1 | R87: o | S87: d
C88: Project includes noise mitigation (sound walls, berms, etc.) | M88: FALSE | N88: noise | Q88: =IF(M88=FALSE,1,0) -> 1 | R88: o | S88: d
C89: Off-street freight loading zones within project limits | M89: FALSE | N89: off-st freight | Q89: =IF(M89=FALSE,1,0) -> 1 | R89: o | S89: d
C90: Loading/delivery time restrictions are imposed in project area | M90: FALSE | N90: del time rest | Q90: =IF(M90=FALSE,1,0) -> 1 | R90: o | S90: d
C92: Additional Information
B93: 17 | C93: Use this space to provide additional description not entered in eTIP, additional information not entered above, or to indicate the file name of any narrative description that is attached in eTIP. | N93: Addl Info | Q93: =IF(D93="",1,"0") -> 1 | R93: o | S93: t
B95: THIS WORKSHEET ENDS HERE
N98: Blank required fill-ins: | O98: =SUM(Q53:Q58,Q49:Q50,Q6:Q7) -> 10 | Q98: Row Labels | R98: Sum of missing
N99: Missing drop-downs: | O99: =SUM(Q73,Q70,Q67,Q65,Q63,Q61,Q59,Q38) -> 8 | Q99: o | R99: 29
O100: =SUM(O98:O99) -> 18 | Q100: d | R100: 11
Q101: t | R101: 18
N102: Missing opt fill-ins: | O102: =SUM(Q93,Q74:Q75,Q71:Q72,Q68,Q66,Q64,Q62,Q60,Q45,Q43,Q39) -> 13 | Q102: r | R102: 31
N103: Missing opt drop-downs | O103: =SUM(Q86:Q90,Q78:Q83) -> 11 | Q103: d | R103: 21
O104: =SUM(O102:O103) -> 24 | Q104: t | R104: 10
Q105: (blank)
Q106: (blank)
Q107: Grand Total | R107: 60

Sheet Additional Information
C1: Additional Information
C2: Use this worksheet to enter more information when space was limited on other worksheets. This worksheet is unlocked so that you can "Insert Rows" or "Insert Columns" or adjust heights/widths as necessary.
C4: CMAQ and TAP Bicycle Facility Projects - Road Segments | H4: Add additional columns, as needed.
B5: 6 | C5: Provide the following for the road(s) of the facility or adjoining to the off-road facility (use separate columns for multiple roads and provide road name). | D5: Road Segment 5 | E5: Road Segment 6 | F5: Road Segment 7 | G5: Road Segment 8
C6: Road Segment Name:
C7: Traffic volumes (AADT):
C8: # of Thru Lanes:
C9: Lane Width (ft):
C10: Width of Outside Paved Shoulder (ft):
C11: Speed Limit (mph):
C13: STP Shared Fund Bridge Projects - Structure Information and Project Scope | J13: Add additional columns, as needed.
B14: 5 | C14: For each individual structure that is included in the project, provide the following: | D14: Structure 7 | E14: Structure 8 | F14: Structure 9 | G14: Structure 10 | H14: Structure 11 | I14: Structure 12
C15: NBI Structure Number:
C16: NBI Sufficiency Rating (see application booklet for web link):
C17: If there is no sufficiency rating listed, has an inspection been completed within the last 5 years? If yes, attach a copy of the inspection report in eTIP. | D17: Yes/No | E17: Yes/No | F17: Yes/No | G17: Yes/No | H17: Yes/No | I17: Yes/No
B18: 6 | C18: Current load posting level (NBI Item 70) | D18: Pick One | E18: Pick One | F18: Pick One | G18: Pick One | H18: Pick One | I18: Pick One
C19: Anticipated load posting level after project completion (if not fully replacing) | D19: Pick One | E19: Pick One | F19: Pick One | G19: Pick One | H19: Pick One | I19: Pick One
B20: 7 | C20: Indicate the work to be done on each structure: | D20: Structure 7 | E20: Structure 8 | F20: Structure 9 | G20: Structure 10 | H20: Structure 11 | I20: Structure 12
C21: Full replacement of entire structure (deck, substructure, and superstructure) | D21: Yes/No | E21: Yes/No | F21: Yes/No | G21: Yes/No | H21: Yes/No | I21: Yes/No
C22: Deck | D22: Pick One | E22: Pick One | F22: Pick One | G22: Pick One | H22: Pick One | I22: Pick One
C23: Substructure | D23: Pick One | E23: Pick One | F23: Pick One | G23: Pick One | H23: Pick One | I23: Pick One
C24: Superstructure | D24: Pick One | E24: Pick One | F24: Pick One | G24: Pick One | H24: Pick One | I24: Pick One
C25: Culvert (if applicable) | D25: Pick One | E25: Pick One | F25: Pick One | G25: Pick One | H25: Pick One | I25: Pick One
B26: 8 | C26: Will the average lane width be increased due to this project? | D26: Yes/No | E26: Yes/No | F26: Yes/No | G26: Yes/No | H26: Yes/No | I26: Yes/No
C27: If yes, average lane width after project completion (ft.)
C28: If lane widths will be insufficient after completion of the project, has a design exception been approved during phase 1 or phase 2 engineering? | D28: Yes/No | E28: Yes/No | F28: Yes/No | G28: Yes/No | H28: Yes/No | I28: Yes/No
B29: 9 | C29: Upon completion of the project, will each of the below safety features meet currently acceptable standards? If no, has a design exception been approved during phase 1 or phase 2 engineering? | D29: Structure 7 | E29: Structure 8 | F29: Structure 9 | G29: Structure 10 | H29: Structure 11 | I29: Structure 12
C30: Bridge railings | D30: Pick One | E30: Pick One | F30: Pick One | G30: Pick One | H30: Pick One | I30: Pick One
C31: Transitions | D31: Pick One | E31: Pick One | F31: Pick One | G31: Pick One | H31: Pick One | I31: Pick One
C32: Approach guardrail | D32: Pick One | E32: Pick One | F32: Pick One | G32: Pick One | H32: Pick One | I32: Pick One
C33: Approach guardrail ends | D33: Pick One | E33: Pick One | F33: Pick One | G33: Pick One | H33: Pick One | I33: Pick One
C36: CMAQ Direct Emissions Reductions Projects - Vehicle Information
B37: 7 | C37: Please complete the fields below, using one line for each group of vehicles (type, engine, technology, etc.). Add additional rows, as needed
C38: Vehicle Type | D38: Vehicle Size | E38: Horsepower | F38: Number of Vehicles | G38: Current Vehicle Model Year | H38: Upgrade Year | I38: Fuel Type Before Upgrade | J38: Fuel Type After Upgrade | K38: Annual Miles per Vehicle Before Upgrade | L38: Annual Miles per Vehicle After Upgrade | M38: Annual Idling Hours Before Upgrade | N38: Annual Idling Hours After Upgrade | O38: Technology Applied | P38: Expected Remaining Life of Vehicles Being Replaced | Q38: Hours per Day of Operation | R38: Days per Year of Operation
C60: STP Shared Fund Rail-Hwy Crossings Projects - Project Location and Scope | K60: Add more columns, as needed
B61: 7 | C61: For each grade crossing location, provide the following: | D61: Crossing 7 | E61: Crossing 8 | F61: Crossing 9 | G61: Crossing 10 | H61: Crossing 11 | I61: Crossing 12 | J61: Crossing 13
C62: Grade crossing number:
C63: Does your agency have a calculation of the delay at the subject grade separation? If yes, please attach the calculation to the application in eTIP. | D63: Yes/No | E63: Yes/No | F63: Yes/No | G63: Yes/No | H63: Yes/No | I63: Yes/No | J63: Yes/No
C64: Does the project provide a full grade separation at this crossing? | D64: Yes/No | E64: Yes/No | F64: Yes/No | G64: Yes/No | H64: Yes/No | I64: Yes/No | J64: Yes/No
C65: If not a full grade separation, will the project improve train movements at this crossing? | D65: Yes/No | E65: Yes/No | F65: Yes/No | G65: Yes/No | H65: Yes/No | I65: Yes/No | J65: Yes/No
C66: If not a full grade separation, will the project improve the crossing (gates, signals, etc.)? | D66: Yes/No | E66: Yes/No | F66: Yes/No | G66: Yes/No | H66: Yes/No | I66: Yes/No | J66: Yes/No
C68: Road Projects - Project and Segment Characteristics (all projects except CMAQ intersection improvements) | K68: Add more columns, as needed
B69: 11 | C69: For each segment, provide the following. | D69: Segment 7 | E69: Segment 8 | F69: Segment 9 | G69: Segment 10 | H69: Segment 11 | I69: Segment 12 | J69: Segment 13
C70: Street name
C71: Posted speed (mph)
C72: AADT (bi-directional)
C73: AADT source and year collected
C74: % Trucks
C75: % Trucks source and year collected
C77: CMAQ Signal Interconnect Projects - Project Information
B78: 5 | C78: Provide the following by road segment. Add more rows, as needed
C79: Segment description | D79: Length (mi) | E79: Speed (mph) | F79: Current Traffic Volume (ADT) | G79: Year of ADT estimate
C91: Transit Projects - Service (CMAQ) or Bus Speed (STP) Improvement Projects | I91: Add more columns, as needed
C92: For all routes being affected, provide the following. | D92: Route | E92: Route | F92: Route | G92: Route | H92: Route
B93: 4 | C93: List Route Name/Number
B94: 5 | C94: Current on-time performance of route to be improved
B95: 6 | C95: Current on-time performance, system-wide
B96: 7 | C96: Anticipated on-time performance of route after improvement
B97: 8 | C97: Schedule time from route start to route end (weekday PM peak)
C99: Transit Station, Yard, or Terminal Improvement (STP) or Facility Improvement (CMAQ) Projects - Components
B100: 18 | C100: For each major station, yard, or terminal component, provide the existing asset condition (1-5 TERM scale), the anticipated condition after the project is complete, and the value of each component. Add more rows, as needed.
C101: Component | D101: Current TERM | E101: Future TERM | F101: Value ($)
C108: STP Transit Station, Yard, or Terminal Improvement Projects - Bike/Ped Access Component Streets
B109: 19 | C109: For each street within 1/2 mile of the station, provide the street name, direction, total length (linear feet) and linear feet of new, improved, retained (with no improvement) or removed (and not replaced) sidewalk. Add more rows, as needed.
C110: Street name and direction | D110: Total length | E110: New Sidewalk | F110: Improved Sidewalk | G110: Retained sidewalk | H110: Removed sidewalk
C122: STP Truck Route Improvement Projects - Project and Segment Characteristics | K122: Add more columns, as needed
B123: 9 | C123: For each segment, provide the following. | D123: Segment 7 | E123: Segment 8 | F123: Segment 9 | G123: Segment 10 | H123: Segment 11 | I123: Segment 12 | J123: Segment 13
C124: Street name
C125: Posted speed (mph)
C126: AADT (bi-directional)
C127: AADT source and year collected
C128: % Trucks
C129: % Trucks source and year collected

Sheet Dropdowns
A1: Vehicle Type | C1: Technology type | E1: Vehicle class | G1: Fuel Type | I1: Horsepower | K1: Transit Project types | M1: Intersection Type | O1: Bottleneck Eliminations
A2: School Bus | C2: Diesel Oxidation Catalyst | E2: Class 2b (8,501-10,000 lbs) | G2: LPG | I2: 0 | K2: Facility improvement (including transit station reconstructions) | M2: Roundabout | O2: Highway-Rail Grade Separation
A3: Emergency Vehicle | C3: Diesel Oxidation Catalyst+ Closed Crankcase | E3: Class 3 (10,001-14,000 lbs) | G3: LNG | I3: 1 | K3: Service and Equipment (including bus speed improvement) | M3: Restricted Crossing U-Turn (J-Turn) | O3: Two-Way Left Turn Lane
A4: Passenger Locomotive | C4: Diesel Particulate Filter | E4: Class 4 (14,001-16,000 lbs) | G4: CNG | I4: 3 | K4: Access to Transit | M4: Median U-Turn | O4: Realignment
A5: Transit Bus | C5: Partial flow filter | E5: Class 5 (16,001-19,500 lbs) | G5: Biodiesel 100 | I5: 6 | M5: Diverging Diamond Interchange | O5: Remove Obstruction
A6: On-Highway | C6: Compressed Natural Gas Replacement | E6: Class 6 (19,501-26,000 lbs) | G6: Biodiesel 20 | I6: 11 | M6: Conventional | O6: Vertical Clearance
A7: Switch Engine | C7: Lean NOx Catalyst/Diesel Particulate Filter | E7: Class 7 (26,001-33,000 lbs) | G7: Biodiesel 10 | I7: 16 | O7: Truck Route Improvement
A8: Refuse Hauler | C8: Recalibration | E8: Class 8a (33,001-60,000 lbs) | G8: Biodiesel 5 | I8: 25 | K8: Residential DU
A9: City/County Vehicle | C9: Selective Catalytic Reduction | E9: Class 8b (60,001 and over) | G9: E85 | I9: 40 | K9: Select One
A10: Short Haul | C10: Exhaust Gas Recirculation + Diesel Particulate Filter | E10: School Bus | G10: Diesel, 3,400 ppm sulfur | I10: 50 | K10: ≤ 6 | M10: RGTP Connectivity
A11: Long Haul | C11: Emissions Control Devices | E11: Transit Bus | G11: Diesel, 500 ppm sulfur | I11: 75 | K11: > 6 and ≤ 10 | M11: Connects two existing trail sections
A12: Delivery Truck | C12: Other | G12: Diesel, 15 ppm sulfur | I12: 175 | K12: > 10 and ≤ 16 | M12: Extends an existing trail
C13: Engine Repower | G13: Emulsion | I13: 300 | K13: > 16 and ≤ 24 | M13: Builds new isolated section of trail
C14: Engine Replacement | G14: Electricity | I14: 600 | K14: > 24 | M14: Intersects an existing trail
I15: 750 | M15: Not connected to an RGTP trail
A16: Yes/No | I16: 1000 | K16: Building Height
A17: Yes | I17: 1200 | K17: Select One
A18: No | I18: 2000 | K18: 1 story (12 ft.)
I19: 3000 | K19: 2 story (24 ft.) | M19: CS Elements
K20: 3 story (36 ft.) | M20: Pick One
K21: 4 story (48 ft.) | M21: None
A22: # of partners | C22: Bikeway Connectivity | E22: Crash Types | K22: > 4 story (> 48 ft.) | M22: One Side
A23: Pick One | C23: Pick One | E23: Pick One | M23: Both Sides
A24: 1 | C24: Project fills a gap between existing bikeways | E24: Pedestrian | M24: Varies (enter description below)
A25: 2 | C25: Project intersects an existing bikeway | E25: Pedalcyclist | K25: Transit Project types 2
A26: 3 or more | C26: Project extends an existing bikeway | E26: Train | K26: Pick One
C27: Project is a new isolated bikeway segment | E27: Animal | K27: CMAQ: Facility improvement | M27: Bridge Work
E28: Overturned | K28: CMAQ: Service and Equipment | M28: Pick One
A29: Bridge yes/no | E29: Fixed Object | K29: CMAQ: Access to Transit | M29: Full replacement
A30: Pick One | C30: STP Barrier Connectivity | E30: Other Object | K30: STP-SF: Bus Speed Improvement | M30: Partial replacement
A31: Yes | C31: Pick One | E31: Other non-collision | K31: STP-SF: Transit Station Improvement | M31: Rehabilitation
A32: No | C32: Connects two existing RGTP sections | E32: Parked Motor Vehicle | K32: STP-SF: Transit Yard or Terminal Improvement | M32: Repair
A33: Design Exception | C33: Extends an existing regional trail | E33: Turning | K33: Application is for both CMAQ and/or STP-SF | M33: No work
C34: Build a new isolated section of a planned regional trail | E34: Rear-end | M34: N/A - culvert
C35: Builds a new facility that intersects an existing regional trail | E35: Sideswipe-same direction
C36: Removes barrier at a location not included in the RGTP | E36: Sideswipe-opposite direction
A37: Prelim Eng | E37: Head-on | M37: Bridge Load Posting
A38: Pick One | C38: Level of Compliance | E38: Angle | M38: Pick One
A39: Complete | C39: Pick One | M39: None: Equal/above max legal load
A40: Nearly Complete | C40: Critical compliance failure | M40: 0.1-9.9% below max legal load
A41: Substantially Complete | C41: Critical compliance risk | M41: 10.0 - 19.9% below
A42: Underway | C42: Major compliance exception | M42: 20.0 - 29.9% below
A43: Not Started | C43: Minor compliance exception | M43: 30.0 - 39.9% below
A44: N/A | C44: No compliance exception | M44: > 39.9% below
